 Dungeon Crawl Stone Soup version 0.21-a0-591-g2314aa1 (webtiles) character file.

446563 tidbits the Timeless (level 23, -2/232 HPs)
             Began as a Gnoll Earth Elementalist on Dec 21, 2017.
             Was a High Priest of Cheibriados.
             Killed by divine providence
             ... invoked by a greater mummy
              (12 damage)
             ... on level 1 of the Tomb of the Ancients on Dec 22, 2017.
             The game lasted 08:26:18 (14474 turns).

tidbits the Timeless (Gnoll Earth Elementalist)    Turns: 14474, Time: 08:26:18

Health: -2/232     AC: 36    Str: 31    XL:     23   Next: 7%
Magic:  30/42      EV: 30    Int: 45    God:    Cheibriados [*****.]
Gold:   555        SH: 22    Dex: 31    Spells: 5/52 levels left

rFire    + . .     SeeInvis .   a - +8 broad axe of Chance {chop, Int+6}
rCold    . . .     Gourm    .   D - +1 shield {reflect}
rNeg     + . .     Faith    .   (armour currently unavailable)
rPois    ∞         Spirit   .   E - +0 helmet of the Catamount {+Blink rF+ MP+9}
rElec    +         Reflect  +   w - scarf {repulsion}
rCorr    .         Harm     .   (gloves currently unavailable)
MR       +....                  (boots currently unavailable)
Stlth    ++++++++..             s - amulet of magic regeneration
HPRegen  1.48/turn              A - ring "Jauf" {*Drain AC+4 Str+6}
MPRegen  0.53/turn              b - ring of Pantheism {MP-9 Dex+4 Slay+6 Stlth+}

@: statue-form, regenerating, drained, repel missiles, very slow
A: distributed training, claws 1, fangs 1, large bone plates 1, blurry vision 1,
clumsy 1, poison resistance, MP-powered wands, strong nose
}: 5/15 runes: serpentine, barnacled, slimy, silver, abyssal
a: End Transformation, Bend Time, Temporal Distortion, Slouch, Step From Time,
Renounce Religion, Evoke Blink


You were on level 1 of the Tomb of the Ancients.
You worshipped Cheibriados.
Cheibriados was extremely pleased with you.
You were not hungry.
You were a stone statue.
You visited 11 branches of the dungeon, and saw 46 of its levels.
You visited the Abyss 4 times.
You also visited: Ice Cave and Desolation.

You collected 6030 gold pieces.
You spent 5475 gold pieces at shops.

Inventory:

Hand Weapons
 a - the +8 broad axe of Chance (weapon) {chop, Int+6}
   (You found it on level 5 of the Vaults)

   It inflicts extra damage upon your enemies.
   It affects your intelligence (+6).
Missiles
 n - 11 throwing nets {!f}
 p - 50 javelins of penetration (quivered)
Armour
 w - a scarf of repulsion (worn)
   (You found it on level 1 of the Shoals)
 B - the +10 plate armour "Ihojil" (melded) {rElec rN+ Int+5}
   (You found it on level 10 of the Dungeon)

   It affects your intelligence (+5).
   It insulates you from electricity.
   It protects you from negative energy.
 D - a +1 shield of reflection (worn)
   (You took it off Donald on level 4 of the Shoals)
 E - the +0 helmet of the Catamount (worn) {+Blink rF+ MP+9}
   (You took it off Robin on level 2 of the Dungeon)

   It protects you from fire.
   It affects your magic capacity (+9).
   It lets you blink.
 F - a +1 pair of boots (melded)
 G - a +2 pair of gloves (melded)
Jewellery
 b - the ring of Pantheism (right claw) {MP-9 Dex+4 Slay+6 Stlth+}
   (You bought it in a shop on level 4 of the Shoals)

   [ring of stealth]

   It affects your dexterity (+4).
   It affects your accuracy and damage with ranged weapons and melee attacks
   (+6).
   It affects your magic capacity (-9).
   It makes you more stealthy.
 s - an amulet of magic regeneration (around neck)
   (You bought it in a shop on level 4 of the Snake Pit)
 t - an uncursed ring of protection from cold
   (You found it on level 4 of the Dungeon)
 A - the ring "Jauf" (left claw) {*Drain AC+4 Str+6}
   (You found it in the Desolation of Salt)

   [ring of protection]

   It affects your AC (+4).
   It affects your strength (+6).
   It causes draining when unequipped.
 H - an uncursed ring of protection from magic
   (You found it on level 5 of the Pits of Slime)
 K - an uncursed ring of resist corrosion
   (You bought it in a shop on level 4 of the Shoals)
 S - the ring of Egomania {rF+ Str+4}
   (You found it in the Desolation of Salt)

   [ring of strength]

   It affects your strength (+4).
   It protects you from fire.
 U - a +3 ring of protection
   (You took it off a merfolk on level 4 of the Shoals)
 W - an uncursed ring of wizardry
   (You found it on level 10 of the Dungeon)
Wands
 d - a wand of digging (25)
 j - a wand of clouds (2)
 m - a wand of acid (11)
 x - a wand of iceblast (7)
 N - a wand of paralysis (14)
 Q - a wand of disintegration (16)
Scrolls
 f - 4 scrolls of immolation
 g - 5 scrolls of enchant weapon
 k - a scroll of summoning
 o - 5 scrolls of fog
 r - 16 scrolls of remove curse
 u - 5 scrolls of fear
 I - 10 scrolls of teleportation
 M - 6 scrolls of blinking
 V - a scroll of silence
Potions
 h - 4 potions of magic
 l - 5 potions of flight
 q - a potion of ambrosia
 y - a potion of resistance
 z - 4 potions of heal wounds
 L - 2 potions of mutation {!q}
 O - 3 potions of cancellation
 P - 6 potions of brilliance
 R - 2 potions of invisibility
 X - 8 potions of agility
 Y - 7 potions of curing
 Z - 5 potions of might
Books
 v - a book of Death
   (You found it on level 9 of the Dungeon)

   Spells                             Type                      Level
   a - Corpse Rot                     Necromancy                   2
   b - Sublimation of Blood           Necromancy                   2
   c - Agony                          Necromancy                   5
   d - Dispel Undead                  Necromancy                   5
   e - Excruciating Wounds            Charms/Necromancy            5
   f - Bolt of Draining               Conjuration/Necromancy       5
 T - the Reference Book on Sinister Changing
   (You found it on level 3 of the Crypt)

   Spells                             Type                      Level
   a - Pain                           Necromancy                   1
   b - Irradiate                      Conjuration/Transmutation    5
   c - Cigotuvi's Embrace             Necromancy                   5
   d - Statue Form                    Transmutation/Earth          6
Miscellaneous
 e - 4 boxes of beasts
 C - a phial of floods
 J - 2 phantom mirrors
Comestibles
 c - 36 rations


   Skills:
 + Level 14.7(14.6) Fighting
 + Level 14.7(14.6) Short Blades
 + Level 14.7(14.6) Long Blades
 + Level 14.7(14.6) Axes
 + Level 14.7(14.6) Maces & Flails
 + Level 14.7(14.6) Polearms
 + Level 14.7(14.6) Staves
 + Level 14.7(14.6) Slings
 + Level 14.7(14.6) Bows
 + Level 14.7(14.6) Crossbows
 + Level 14.7(14.6) Throwing
 + Level 14.7(14.6) Armour
 + Level 15.2(15.1) Dodging
 + Level 15.2(15.1) Stealth
 + Level 14.7(14.6) Shields
 + Level 14.7(14.6) Unarmed Combat
 + Level 15.3(15.2) Spellcasting
 + Level 12.6 Conjurations
 + Level 12.6 Hexes
 + Level 12.6 Charms
 + Level 12.6 Summonings
 + Level 12.6 Necromancy
 + Level 12.6 Translocations
 + Level 12.8(12.7) Transmutations
 + Level 12.6 Fire Magic
 + Level 12.6 Ice Magic
 + Level 12.6 Air Magic
 + Level 13.6(13.5) Earth Magic
 + Level 12.6 Poison Magic
 + Level 15.8(15.7) Invocations
 + Level 14.7(14.6) Evocations


You had 5 spell levels left.
You knew the following spells:

 Your Spells              Type           Power        Failure   Level  Hunger
d - Bolt of Draining      Conj/Necr      #######...   1%          5    None
g - Passage of Golubria   Tloc           N/A          1%          4    None
p - Passwall              Tmut/Erth      ########..   0%          2    None
r - Regeneration          Chrm/Necr      #######...   0%          3    None
s - Statue Form           Tmut/Erth      ########.    1%          6    None
u - Control Undead        Necr           #######...   1%          4    None
A - Apportation           Tloc           ######       0%          1    None
D - Lee's Rapid Deconstr  Erth           ########..   1%          5    None
L - Summon Lightning Spi  Summ/Air       #######.     1%          4    None
M - Malign Gateway        Summ/Tloc      #######...   3%          7    #......
N - Animate Dead          Necr           N/A          1%          4    None
Z - Sublimation of Blood  Necr           #######...   0%          2    None


Dungeon Overview and Level Annotations

Branches:
Dungeon (14/15)            Temple (1/1) D:4            Lair (6/6) D:10
 Shoals (4/4) Lair:3        Snake (4/4) Lair:2        Slime (5/5) Lair:5
    Orc (2/2) D:9             Elf (1/3) Orc:2        Vaults (5/5) D:14
  Crypt (3/3) Vaults:2       Tomb (1/3) Crypt:3

Altars:
Ashenzari
Cheibriados
Dithmenos
Elyvilon
Fedhas
Gozag
Hepliaklqana
Makhleb
Nemelex Xobeh
Okawaru
Qazlal
Ru
Sif Muna
Trog
Uskayaw
Vehumet
Xom
Yredelemnul
Zin
The Shining One
Beogh
Jiyva

Shops:
D:9 [   D:12 =[   Orc:1 =[:!   Orc:2 *(?   Shoals:4 }=?[   Snake:4 ==%?
Vaults:1 *   Vaults:4 *   Vaults:5 !!%%%%?![

Annotations:
Lair:3 book stash
Shoals:2 Polyphemus


Innate Abilities, Weirdness & Mutations

Your experience applies equally to all skills.
You have very sharp teeth.
Your uncanny sense of smell can sniff out nearby items.
You have sharp fingernails.
You are partially covered in large bone plates. (SH +4)
Scrolls take you a little longer to read.
You are clumsy. (Dex -2)
Your system is resistant to poisons. (rPois)
You expend magic power (3 MP) to strengthen your wands.


Message History

The emperor scorpion is engulfed in blazing flames.
The greater mummy is engulfed in blazing flames.
You block the greater mummy's attack. The orange demon completely misses you.
Unknown command.
You slice the greater mummy!!
The greater mummy is severely damaged.
You closely miss the emperor scorpion. x3; You slash the greater mummy!
You block the greater mummy's attack. The emperor scorpion stings you!
* * * LOW HITPOINT WARNING * * *
You block the emperor scorpion's attack.
The emperor scorpion claws you but does no damage.
The emperor scorpion stings you!
* * * LOW HITPOINT WARNING * * *
The emperor scorpion barely misses you. The emperor scorpion misses you.
The emperor scorpion is engulfed in blazing flames.
The greater mummy is engulfed in blazing flames.
The greater mummy misses you.
The emperor scorpion completely misses you.
You block the emperor scorpion's attack.
The emperor scorpion claws you but does no damage.
You block the orange demon's attack. The greater mummy barely misses you.
The emperor scorpion completely misses you. x2
The emperor scorpion closely misses you.
The emperor scorpion completely misses you.
The emperor scorpion closely misses you.
The emperor scorpion misses you.
The greater mummy is engulfed in blazing flames.
The greater mummy barely misses you.
The emperor scorpion completely misses you.
The emperor scorpion closely misses you.
The emperor scorpion misses you.
The emperor scorpion is engulfed in blazing flames.
You slice the greater mummy!!
The greater mummy is heavily damaged.
You slice the emperor scorpion like a ripe choko!!!
You hit the emperor scorpion. You slash the emperor scorpion!
You barely miss the emperor scorpion.
Your shield prevents you from hitting the greater mummy.
The emperor scorpion completely misses you. x2
You block the emperor scorpion's attack.
You block the orange demon's attack.
The greater mummy completely misses you.
You block the emperor scorpion's attack.
The emperor scorpion completely misses you. x2
You block the emperor scorpion's attack.
The emperor scorpion completely misses you. x2
The emperor scorpion stings you but does no damage.
The emperor scorpion misses you. x2
The greater mummy is engulfed in blazing flames.
The greater mummy barely misses you.
The emperor scorpion completely misses you.
The emperor scorpion barely misses you. The emperor scorpion claws you!
* * * LOW HITPOINT WARNING * * *
Unknown command.
You barely miss the greater mummy.
The greater mummy is severely damaged.
You barely miss the greater mummy.
You hit the emperor scorpion but do no damage.
You hit the emperor scorpion. You slash the emperor scorpion!
You slice the emperor scorpion!! You block the orange demon's attack.
The greater mummy gestures wildly while chanting.
The emperor scorpion stings you but does no damage.
You block the emperor scorpion's attack. x2
The emperor scorpion completely misses you.
The emperor scorpion barely misses you.
You block the emperor scorpion's attack.
The emperor scorpion is engulfed in blazing flames.
The emperor scorpion completely misses you. x2
The emperor scorpion misses you.
The greater mummy is engulfed in blazing flames.
The greater mummy calls on the powers of darkness!
The emperor scorpion convulses!
Your body is wracked with pain!
* * * LOW HITPOINT WARNING * * *
The emperor scorpion convulses! x8
You block the emperor scorpion's attack. x2
The emperor scorpion closely misses you.
The orange demon completely misses you.
Unknown command.
You can feel time thicken for a moment.
You kill the emperor scorpion!
The emperor scorpion's corpse disappears in a puff of smoke!
You feel somewhat more hungry.
Cheibriados lowers the support of your attributes as your movement quickens.
The emperor scorpion disappears in a puff of smoke! x3
The greater mummy gestures at you while chanting.
Something smites you!
* * * LOW HITPOINT WARNING * * *
You block the emperor scorpion's attack. x2
The emperor scorpion misses you.
The emperor scorpion is engulfed in blazing flames.
The greater mummy is engulfed in blazing flames.
The greater mummy casts a spell.
The emperor scorpion completely misses you.
The emperor scorpion claws you.
* * * LOW HITPOINT WARNING * * *
The emperor scorpion claws you but does no damage.
The orange demon completely misses you.
The greater mummy gestures at you while chanting.
Something smites you!
You die...

..........................
..........................
..........................
.⌠........................
..........................
..........................
...............§..s.......
..8............sss4.......
...............s8Mss......
....#############M####....
..8.# .## ... ....# .# ..
....# 8 . ..8.# # ....#
....# ..8.#


You could see 2 greater mummies, 7 emperor scorpions and an orange demon.

Vanquished Creatures
  2 ancient liches
  4 greater mummies (Tomb:1)
  Vashnia (Snake:4)
  A bone dragon (Crypt:3)
  2 liches (Crypt:3)
  3 tentacled monstrosities (Vaults:5)
  2 titans (Vaults:5)
  3 sphinxes
  2 tentacled starspawn
  8 acid blobs
  An ancient champion (Crypt:1)
  A kraken (Shoals:1)
  Donald (Shoals:4)
  5 tengu reavers (Vaults:5)
  A storm dragon (Vaults:5)
  Gastronok (D:10)
  3 shadow dragons (Vaults:5)
  2 revenants
  4 azure jellies
  Ilsuiw (Shoals:4)
  2 fire giants
  2 nagarajas (Snake:4)
  3 frost giants (Vaults:5)
  8 vault wardens
  Aizul (Snake:4)
  2 deep elf sorcerers (Vaults:5)
  An imperial myrmidon (Desolation)
  The ghost of Ketzopolo the Grim Reaper, a journeyman DsMo of Yredelemnul (Shoals:2)
  An orc warlord (Orc:2)
  5 ghouls
  A curse skull (Crypt:2)
  9 ironheart preservers
  5 stone giants
  The ghost of torrenera the Nimble, a journeyman DgFE (Lair:6)
  4 vampire knights
  4 war gargoyles
  5 very ugly things
  4 bennus (Tomb:1)
  2 deep elf annihilators
  4 deep elf demonologists
  A lorocyproca (Abyss:2)
  2 halazid warlocks (Desolation)
  3 ettins
  4 merfolk javelineers
  A fire dragon (Vaults:2)
  A mummy priest (Tomb:1)
  A deep elf death mage (Vaults:4)
  5 ragged hierophants (Desolation)
  5 merfolk impalers
  5 crystal guardians
  5 jiangshi
  7 yaktaur captains
  3 great orbs of eyes
  2 ice dragons
  A rakshasa (Abyss:5)
  8 peacekeepers
  24 vault guards (Vaults:5)
  10 naga warriors
  A hydra (Lair:6)
  7 servants of whispers (Desolation)
  An alligator snapping turtle (Shoals:1)
  An anaconda (shapeshifter) (Vaults:5)
  A satyr (Shoals:4)
  5 ogre magi
  26 two-headed ogres
  3 merfolk avatars (Shoals:4)
  A death scarab (Tomb:1)
  4 anacondas
  4 death knights
  8 dancing weapons
  3 merfolk aquamancers (Shoals:4)
  2 deep troll shamans (Vaults:4)
  The ghost of Amnesiac the Destroyer, a journeyman DEIE of Sif Muna (D:12)
  2 deep troll earth magi
  A titan zombie (Crypt:3)
  3 death yaks (Lair:6)
  5 thrashing horrors
  10 naga sharpshooters
  7 shock serpents
  Sonja (D:11)
  2 deep elf knights
  An orc high priest (Orc:2)
  A sun demon (Abyss:5)
  3 hell knights
  15 skeletal warriors
  3 wretched stars
  2 spatial maelstroms (Abyss:5)
  6 sea snakes
  The ghost of Thaneod the Thaumaturge, a novice DEWz of Vehumet (D:9)
  2 flayed ghosts
  8 deep trolls
  4 naga ritualists
  2 deep elf archers (Vaults:2)
  4 necromancers (Crypt:3)
  6 phantasmal warriors
  A wolf spider zombie (Crypt:3)
  6 ironbrand convokers
  11 ugly things
  9 harpies
  7 orc knights
  6 mana vipers
  8 deep elf magi
  6 orc sorcerers
  3 manticores
  4 shining eyes
  A frost giant zombie (Crypt:3)
  2 cyclopes
  6 fauns
  Maurice (D:10)
  5 salamanders
  3 elephants (Lair:6)
  A centaur zombie (D:12)
  A torpor snail (Lair:6)
  3 merfolk sirens (Shoals:4)
  2 ice statues (IceCv)
  22 black mambas
  14 naga magi
  6 vault sentinels
  5 water nymphs
  2 eyes of devastation (Slime:5)
  Joseph (D:9)
  5 smoke demons (Abyss:5)
  6 guardian serpents
  4 spiny frogs
  A gargoyle (D:10)
  A hellion (Abyss:5)
  A death yak zombie (Crypt:2)
  3 komodo dragons (Lair:2)
  4 freezing wraiths
  11 yaktaurs
  5 guardian mummies (Tomb:1)
  8 trolls
  29 merfolk
  A queen bee (shapeshifter) (Vaults:3)
  2 ancient zymes
  8 ice devils (IceCv)
  A wind drake (Shoals:2)
  A hornet (shapeshifter) (Vaults:5)
  A hornet (D:9)
  6 blink frogs
  13 slime creatures
  A raiju (shapeshifter) (Vaults:2)
  6 dream sheep
  An ettin zombie (Crypt:3)
  49 saltlings
  An alligator zombie (Crypt:3)
  7 hippogriffs
  17 flying skulls
  A shadow (D:12)
  A ynoxinul (Abyss:5)
  3 vampires
  2 spriggans (shapeshifter)
  11 water elementals
  28 yaks
  Sigmund (D:6)
  3 ushabtiu (Tomb:1)
  7 wraiths
  A wyvern (Lair:1)
  A basilisk (Lair:6)
  A chaos spawn (Abyss:2)
  Grum (D:9)
  A hungry ghost (D:10)
  2 wargs
  21 nagas
  Menkaure (D:7)
  3 spatial vortices (Abyss:5)
  5 large abominations (Abyss:5)
  3 water moccasins
  2 porcupines
  4 small abominations
  2 swamp drakes (Lair:6)
  22 orc warriors
  2 black bears (D:12)
  A black bear (shapeshifter) (D:9)
  5 eyes of draining
  3 necrophages (Crypt:2)
  2 ice beasts
  14 ogres
  2 phantoms
  8 wolves
  3 centaurs
  3 crocodiles
  2 big kobolds
  5 bullfrogs
  An ogre simulacrum (Vaults:1)
  A water moccasin skeleton (D:7)
  A scorpion (D:4)
  12 wights
  4 killer bees (D:9)
  2 electric eels (Snake:2)
  A crimson imp (D:6)
  2 bullfrog zombies
  17 starcursed masses
  6 hounds
  3 centaur skeletons
  17 orc priests
  A gnoll shaman (D:4)
  23 orc wizards
  5 iguanas
  Natasha (D:3)
  4 worker ants
  A big kobold skeleton (Crypt:2)
  2 mummies (Tomb:1)
  Robin (D:2)
  4 gnolls (D:5)
  14 adders
  3 howler monkey skeletons
  A shadow imp (D:7)
  18 white imps
  A howler monkey simulacrum (D:9)
  7 ufetubi (IceCv)
  2 adder zombies
  2 worms
  2 dart slugs (D:1)
  2 leopard geckos
  62 orcs
  4 bats
  2 giant cockroaches (D:4)
  7 hobgoblins
  4 jackals (D:8)
  3 quokkas
  A ball python (D:1)
  2 frilled lizards
  13 goblins
  11 kobolds
  A leopard gecko skeleton (D:5)
  A quokka skeleton (D:5)
  2 rats
  2 fungi
  3 plants
  2 starspawn tentacles
  2 tentacles (Shoals:1)
1147 creatures vanquished.

Vanquished Creatures (collateral kills)
  the Royal Jelly (Slime:5)
  3 acid blobs
  3 sphinxes (Tomb:1)
  3 nagarajas (Snake:4)
  A shadow dragon (Vaults:5)
  Louise (Shoals:1)
  An imperial myrmidon (Desolation)
  3 vault wardens
  2 ghouls
  An ironheart preserver (Vaults:4)
  A war gargoyle (Crypt:3)
  A stone giant (Orc:2)
  A vampire knight (Crypt:2)
  A halazid warlock (Desolation)
  A deep elf annihilator (Vaults:3)
  An ettin (Vaults:2)
  A merfolk javelineer (Shoals:3)
  A fire dragon (Lair:6)
  A deep elf death mage (Crypt:2)
  2 jiangshi (Crypt:1)
  A yaktaur captain (Vaults:1)
  2 merfolk impalers
  2 great orbs of eyes
  4 servants of whispers (Desolation)
  5 naga warriors
  A hydra (Lair:6)
  A peacekeeper (Desolation)
  2 merfolk aquamancers
  2 merfolk avatars
  2 anacondas
  A satyr (Shoals:4)
  3 ogre magi
  2 two-headed ogres
  2 catoblepae
  A centaur warrior (D:14)
  4 death yaks
  4 death scarabs (Tomb:1)
  4 hell knights (Crypt:3)
  9 naga sharpshooters
  A titan zombie (Crypt:3)
  A deep elf knight (Vaults:4)
  15 skeletal warriors
  A wretched star (Abyss:4)
  A salamander mystic (Snake:3)
  3 naga ritualists
  3 wizards
  4 sea snakes
  A deep elf archer (Vaults:3)
  A swamp dragon (Lair:6)
  11 harpies
  3 orc knights
  2 mana vipers
  2 deep elf magi
  2 necromancers (Crypt:3)
  4 fauns
  An ugly thing (Vaults:2)
  2 cyclopes
  3 shining eyes
  6 manticores
  3 elephants (Lair:6)
  5 merfolk sirens
  5 salamanders
  A shock serpent zombie (Crypt:2)
  A vault sentinel (Vaults:2)
  6 guardian serpents
  11 black mambas
  2 eyes of devastation
  4 spiny frogs
  7 naga magi
  2 water nymphs
  An elephant slug zombie (Crypt:2)
  A dire elephant skeleton (Tomb:1)
  3 rime drakes
  4 yaktaurs
  4 guardian mummies (Tomb:1)
  2 freezing wraiths (Crypt:1)
  5 komodo dragons
  12 merfolk
  3 trolls
  2 wind drakes
  7 slime creatures
  15 saltlings
  7 blink frogs
  3 bog bodies (Crypt:2)
  3 hippogriffs
  9 dream sheep
  4 snapping turtles
  13 flying skulls
  A black mamba zombie (Tomb:1)
  A wyvern (D:14)
  A vampire (Vaults:2)
  An ushabti (Tomb:1)
  8 yaks
  A water elemental (Shoals:3)
  4 basilisks
  A basilisk (shapeshifter) (Vaults:4)
  21 nagas
  A warg (Orc:2)
  2 acid dragons (Lair:6)
  4 water moccasins
  2 swamp drakes (Lair:6)
  17 orc warriors
  5 wolves
  16 ogres
  2 crocodiles (Lair:6)
  3 centaurs
  An eye of draining (Slime:4)
  2 bullfrogs
  9 orc priests
  5 iguanas
  7 orc wizards
  A dwarf zombie (Crypt:2)
  18 orcs
  A fungus (Lair:2)
  6 plants
  A tentacle (Shoals:1)
436 creatures vanquished.

Vanquished Creatures (others)
  A sphinx (Tomb:1)
  A fire giant (Vaults:4)
  A deep elf death mage (Crypt:2)
  A skeletal warrior (Crypt:3)
  A shadow wraith (D:9)
  A black mamba (Snake:4)
  A yaktaur (Vaults:4)
  A slime creature (Slime:4)
  An ogre (Vaults:2)
  A wolf (Lair:6)
  An orc priest (Vaults:4)
  4 white imps (IceCv)
  4 ufetubi (IceCv)
  A bush (Lair:6)
  15 fungi
  25 plants
  5 starspawn tentacles
  4 tentacles (Shoals:1)
  5 toadstools (Lair:5)
74 creatures vanquished.

Grand Total: 1657 creatures vanquished

Notes
Turn   | Place    | Note
-------+----------+-------------------------------------------
     0 | D:1      | tidbits the Gnoll Earth Elementalist began the quest for the Orb.
     0 | D:1      | Reached XP level 1. HP: 13/13 MP: 6/6
    98 | D:1      | Reached skill level 2 in Transmutations
   110 | D:1      | Reached XP level 2. HP: 19/19 MP: 1/7
   114 | D:1      | Learned a level 2 spell: Passwall
   350 | D:2      | Reached skill level 5 in Spellcasting
   350 | D:2      | Reached XP level 3. HP: 25/25 MP: 9/9
   436 | D:2      | Noticed Robin
   446 | D:2      | Reached skill level 1 in Invocations
   449 | D:2      | Killed Robin
   450 | D:2      | Reached skill level 1 in Fighting
   450 | D:2      | Reached skill level 1 in Short Blades
   450 | D:2      | Reached skill level 1 in Long Blades
   450 | D:2      | Reached skill level 1 in Axes
   450 | D:2      | Reached skill level 1 in Maces & Flails
   450 | D:2      | Reached skill level 1 in Polearms
   450 | D:2      | Reached skill level 1 in Staves
   450 | D:2      | Reached skill level 1 in Slings
   450 | D:2      | Reached skill level 1 in Bows
   450 | D:2      | Reached skill level 1 in Crossbows
   450 | D:2      | Reached skill level 1 in Throwing
   450 | D:2      | Reached skill level 1 in Armour
   450 | D:2      | Reached skill level 1 in Shields
   450 | D:2      | Reached skill level 1 in Unarmed Combat
   450 | D:2      | Reached skill level 1 in Evocations
   454 | D:2      | Reached XP level 4. HP: 22/32 MP: 7/11
   458 | D:2      | Got a bloodstained helmet
   465 | D:2      | Identified the cursed +0 helmet of the Catamount {+Blink rF+ MP+9} (You took it off Robin on level 2 of the Dungeon)
   524 | D:3      | Learned a level 1 spell: Animate Skeleton
   526 | D:3      | Learned a level 1 spell: Apportation
   620 | D:3      | Noticed Natasha
   627 | D:3      | Killed Natasha
   627 | D:3      | Reached skill level 1 in Conjurations
   627 | D:3      | Reached skill level 1 in Hexes
   627 | D:3      | Reached skill level 1 in Charms
   627 | D:3      | Reached skill level 1 in Summonings
   627 | D:3      | Reached skill level 1 in Necromancy
   627 | D:3      | Reached skill level 1 in Translocations
   627 | D:3      | Reached skill level 1 in Fire Magic
   627 | D:3      | Reached skill level 1 in Ice Magic
   627 | D:3      | Reached skill level 1 in Air Magic
   627 | D:3      | Reached skill level 1 in Poison Magic
   670 | D:4      | Reached XP level 5. HP: 36/37 MP: 12/12
   762 | D:4      | Found a staircase to the Ecumenical Temple.
   771 | Temple   | Entered the Ecumenical Temple
   814 | Temple   | Became a worshipper of Cheibriados the Contemplative
   977 | D:4      | Learned a level 3 spell: Stone Arrow
   997 | D:4      | Reached skill level 2 in Invocations
   997 | D:4      | Reached XP level 6. HP: 41/44 MP: 13/13
  1091 | D:4      | Reached skill level 5 in Dodging
  1095 | D:4      | Reached * piety under Cheibriados
  1095 | D:4      | Reached skill level 2 in Fighting
  1095 | D:4      | Reached skill level 2 in Short Blades
  1095 | D:4      | Reached skill level 2 in Long Blades
  1095 | D:4      | Reached skill level 2 in Axes
  1095 | D:4      | Reached skill level 2 in Maces & Flails
  1095 | D:4      | Reached skill level 2 in Polearms
  1095 | D:4      | Reached skill level 2 in Staves
  1095 | D:4      | Reached skill level 2 in Slings
  1095 | D:4      | Reached skill level 2 in Bows
  1095 | D:4      | Reached skill level 2 in Crossbows
  1095 | D:4      | Reached skill level 2 in Throwing
  1095 | D:4      | Reached skill level 2 in Armour
  1095 | D:4      | Reached skill level 2 in Shields
  1095 | D:4      | Reached skill level 2 in Unarmed Combat
  1095 | D:4      | Reached skill level 2 in Evocations
  1121 | D:5      | Entered Level 5 of the Dungeon
  1172 | D:6      | Noticed an orc warrior
  1176 | D:6      | Killed an orc warrior
  1176 | D:6      | Reached XP level 7. HP: 23/50 MP: 15/15
  1239 | D:6      | Noticed Sigmund
  1246 | D:6      | Learned a level 4 spell: Petrify
  1258 | D:6      | Killed Sigmund
  1258 | D:6      | Reached skill level 2 in Conjurations
  1258 | D:6      | Reached skill level 2 in Hexes
  1258 | D:6      | Reached skill level 2 in Charms
  1258 | D:6      | Reached skill level 2 in Summonings
  1258 | D:6      | Reached skill level 2 in Necromancy
  1258 | D:6      | Reached skill level 2 in Translocations
  1258 | D:6      | Reached skill level 3 in Transmutations
  1258 | D:6      | Reached skill level 2 in Fire Magic
  1258 | D:6      | Reached skill level 2 in Ice Magic
  1258 | D:6      | Reached skill level 2 in Air Magic
  1258 | D:6      | Reached skill level 2 in Poison Magic
  1366 | D:6      | Found a sacrificial altar of Ru.
  1366 | D:6      | Found a stormy altar of Qazlal.
  1425 | D:6      | Reached skill level 5 in Stealth
  1425 | D:6      | Reached skill level 3 in Invocations
  1442 | D:5      | Reached XP level 8. HP: 50/57 MP: 16/16
  1519 | D:6      | Reached skill level 6 in Earth Magic
  1527 | D:6      | Found a blossoming altar of Fedhas.
  1571 | D:6      | Reached skill level 3 in Fighting
  1571 | D:6      | Reached skill level 3 in Short Blades
  1571 | D:6      | Reached skill level 3 in Long Blades
  1571 | D:6      | Reached skill level 3 in Axes
  1571 | D:6      | Reached skill level 3 in Maces & Flails
  1571 | D:6      | Reached skill level 3 in Polearms
  1571 | D:6      | Reached skill level 3 in Staves
  1571 | D:6      | Reached skill level 3 in Slings
  1571 | D:6      | Reached skill level 3 in Bows
  1571 | D:6      | Reached skill level 3 in Crossbows
  1571 | D:6      | Reached skill level 3 in Throwing
  1571 | D:6      | Reached skill level 3 in Armour
  1571 | D:6      | Reached skill level 3 in Shields
  1571 | D:6      | Reached skill level 3 in Unarmed Combat
  1571 | D:6      | Reached skill level 3 in Evocations
  1580 | D:6      | Reached ** piety under Cheibriados
  1679 | D:7      | Noticed Menkaure
  1682 | D:7      | Reached skill level 6 in Spellcasting
  1688 | D:7      | Killed Menkaure
  1732 | D:7      | Reached skill level 3 in Conjurations
  1732 | D:7      | Reached skill level 3 in Hexes
  1732 | D:7      | Reached skill level 3 in Charms
  1732 | D:7      | Reached skill level 3 in Summonings
  1732 | D:7      | Reached skill level 3 in Necromancy
  1732 | D:7      | Reached skill level 3 in Translocations
  1732 | D:7      | Reached skill level 3 in Fire Magic
  1732 | D:7      | Reached skill level 3 in Ice Magic
  1732 | D:7      | Reached skill level 3 in Air Magic
  1732 | D:7      | Reached skill level 3 in Poison Magic
  1732 | D:7      | Reached skill level 4 in Invocations
  1742 | D:8      | Reached skill level 6 in Dodging
  1742 | D:8      | Reached XP level 9. HP: 65/65 MP: 18/18
  1871 | D:8      | Noticed a two-headed ogre
  1877 | D:8      | Killed a two-headed ogre
  1877 | D:8      | Reached skill level 4 in Fighting
  1877 | D:8      | Reached skill level 4 in Short Blades
  1877 | D:8      | Reached skill level 4 in Long Blades
  1877 | D:8      | Reached skill level 4 in Axes
  1877 | D:8      | Reached skill level 4 in Maces & Flails
  1877 | D:8      | Reached skill level 4 in Polearms
  1877 | D:8      | Reached skill level 4 in Staves
  1877 | D:8      | Reached skill level 4 in Slings
  1877 | D:8      | Reached skill level 4 in Bows
  1877 | D:8      | Reached skill level 4 in Crossbows
  1877 | D:8      | Reached skill level 4 in Throwing
  1877 | D:8      | Reached skill level 4 in Armour
  1877 | D:8      | Reached skill level 6 in Stealth
  1877 | D:8      | Reached skill level 4 in Shields
  1877 | D:8      | Reached skill level 4 in Unarmed Combat
  1877 | D:8      | Reached skill level 4 in Transmutations
  1877 | D:8      | Reached skill level 4 in Evocations
  1886 | D:8      | Reached *** piety under Cheibriados
  1996 | D:9      | Noticed Thaneod's ghost (novice DEWz)
  2006 | D:9      | Learned a level 5 spell: Lee's Rapid Deconstruction
  2015 | D:9      | Killed Thaneod's ghost
  2015 | D:9      | Reached skill level 5 in Invocations
  2043 | D:9      | Noticed a troll
  2047 | D:9      | Killed a troll
  2047 | D:9      | Reached skill level 7 in Spellcasting
  2047 | D:9      | Reached XP level 10. HP: 73/73 MP: 20/20
  2065 | D:9      | Noticed a two-headed ogre
  2071 | D:9      | Noticed Grum
  2077 | D:9      | Killed a two-headed ogre
  2077 | D:9      | Reached skill level 5 in Fighting
  2077 | D:9      | Reached skill level 5 in Short Blades
  2077 | D:9      | Reached skill level 5 in Long Blades
  2077 | D:9      | Reached skill level 5 in Axes
  2077 | D:9      | Reached skill level 5 in Maces & Flails
  2077 | D:9      | Reached skill level 5 in Polearms
  2077 | D:9      | Reached skill level 5 in Staves
  2077 | D:9      | Reached skill level 5 in Slings
  2077 | D:9      | Reached skill level 5 in Bows
  2077 | D:9      | Reached skill level 5 in Crossbows
  2077 | D:9      | Reached skill level 5 in Throwing
  2077 | D:9      | Reached skill level 5 in Armour
  2077 | D:9      | Reached skill level 5 in Shields
  2077 | D:9      | Reached skill level 5 in Unarmed Combat
  2077 | D:9      | Reached skill level 4 in Conjurations
  2077 | D:9      | Reached skill level 4 in Hexes
  2077 | D:9      | Reached skill level 4 in Charms
  2077 | D:9      | Reached skill level 4 in Summonings
  2077 | D:9      | Reached skill level 4 in Necromancy
  2077 | D:9      | Reached skill level 4 in Translocations
  2077 | D:9      | Reached skill level 4 in Fire Magic
  2077 | D:9      | Reached skill level 4 in Ice Magic
  2077 | D:9      | Reached skill level 4 in Air Magic
  2077 | D:9      | Reached skill level 4 in Poison Magic
  2077 | D:9      | Reached skill level 5 in Evocations
  2080 | D:9      | Killed Grum
  2082 | D:9      | Reached skill level 7 in Earth Magic
  2092 | D:9      | Found a radiant altar of Vehumet.
  2151 | D:10     | Entered Level 10 of the Dungeon
  2151 | D:10     | Noticed a gargoyle
  2152 | D:10     | Killed a gargoyle
  2152 | D:10     | Reached skill level 7 in Dodging
  2283 | D:10     | Reached **** piety under Cheibriados
  2287 | D:10     | Got an ancient plate armour
  2479 | D:8      | Reached skill level 5 in Transmutations
  2515 | D:9      | Reached skill level 6 in Invocations
  2519 | D:9      | Reached skill level 7 in Stealth
  2575 | D:9      | Noticed a stone giant
  2577 | D:9      | Killed a shadow wraith
  2608 | D:10     | Noticed Gastronok
  2663 | D:10     | Reached XP level 11. HP: 41/81 MP: 22/22
  2691 | D:10     | Found a staircase to the Lair.
  2702 | D:10     | Gained mutation: You have sharp fingernails. [potion of mutation]
  2702 | D:10     | Gained mutation: You are partially covered in large bone plates. (SH +4) [potion of mutation]
  2702 | D:10     | Gained mutation: Your system is resistant to poisons. (rPois) [potion of mutation]
  2707 | D:10     | Learned a level 3 spell: Regeneration
  2727 | Lair:1   | Entered Level 1 of the Lair of Beasts
  2740 | D:11     | Noticed Sonja
  2747 | D:11     | Killed Sonja
  2801 | D:10     | Killed Gastronok
  2801 | D:10     | Reached skill level 6 in Fighting
  2801 | D:10     | Reached skill level 6 in Short Blades
  2801 | D:10     | Reached skill level 6 in Long Blades
  2801 | D:10     | Reached skill level 6 in Axes
  2801 | D:10     | Reached skill level 6 in Maces & Flails
  2801 | D:10     | Reached skill level 6 in Polearms
  2801 | D:10     | Reached skill level 6 in Staves
  2801 | D:10     | Reached skill level 6 in Slings
  2801 | D:10     | Reached skill level 6 in Bows
  2801 | D:10     | Reached skill level 6 in Crossbows
  2801 | D:10     | Reached skill level 6 in Throwing
  2801 | D:10     | Reached skill level 6 in Armour
  2801 | D:10     | Reached skill level 6 in Shields
  2801 | D:10     | Reached skill level 6 in Unarmed Combat
  2801 | D:10     | Reached skill level 8 in Spellcasting
  2801 | D:10     | Reached skill level 5 in Conjurations
  2801 | D:10     | Reached skill level 5 in Hexes
  2801 | D:10     | Reached skill level 5 in Charms
  2801 | D:10     | Reached skill level 5 in Summonings
  2801 | D:10     | Reached skill level 5 in Necromancy
  2801 | D:10     | Reached skill level 5 in Translocations
  2801 | D:10     | Reached skill level 5 in Fire Magic
  2801 | D:10     | Reached skill level 5 in Ice Magic
  2801 | D:10     | Reached skill level 5 in Air Magic
  2801 | D:10     | Reached skill level 5 in Poison Magic
  2801 | D:10     | Reached skill level 6 in Evocations
  2831 | D:10     | Learned a level 4 spell: Animate Dead
  2912 | D:11     | Noticed a two-headed ogre
  2916 | D:11     | Killed a two-headed ogre
  2963 | D:12     | Found Mudom's Antique Armour Boutique.
  3008 | D:12     | Found a frozen archway.
  3020 | D:12     | Reached ***** piety under Cheibriados
  3051 | IceCv    | Entered an ice cave
  3082 | IceCv    | Reached skill level 7 in Invocations
  3098 | IceCv    | Reached skill level 8 in Dodging
  3310 | IceCv    | Noticed a reaper
  3317 | IceCv    | Reached skill level 6 in Transmutations
  3350 | IceCv    | HP: 6/83 [reaper/scythe of freezing (48)]
  3350 | IceCv    | HP: 1/83 [reaper/scythe of freezing (5)]
  3401 | D:12     | Noticed Amnesiac's ghost (journeyman DEIE)
  3415 | D:12     | Killed Amnesiac's ghost
  3415 | D:12     | Reached skill level 8 in Stealth
  3415 | D:12     | Reached XP level 12. HP: 85/89 MP: 24/24
  3451 | D:12     | Noticed a two-headed ogre
  3459 | D:12     | Killed a two-headed ogre
  3459 | D:12     | Reached skill level 8 in Earth Magic
  3675 | D:12     | Reached skill level 7 in Fighting
  3675 | D:12     | Reached skill level 7 in Short Blades
  3675 | D:12     | Reached skill level 7 in Long Blades
  3675 | D:12     | Reached skill level 7 in Axes
  3675 | D:12     | Reached skill level 7 in Maces & Flails
  3675 | D:12     | Reached skill level 7 in Polearms
  3675 | D:12     | Reached skill level 7 in Staves
  3675 | D:12     | Reached skill level 7 in Slings
  3675 | D:12     | Reached skill level 7 in Bows
  3675 | D:12     | Reached skill level 7 in Crossbows
  3675 | D:12     | Reached skill level 7 in Throwing
  3675 | D:12     | Reached skill level 7 in Armour
  3675 | D:12     | Reached skill level 7 in Shields
  3675 | D:12     | Reached skill level 7 in Unarmed Combat
  3675 | D:12     | Reached skill level 7 in Evocations
  3864 | D:12     | Found Polonnit's Jewellery Shop.
  3867 | D:12     | Noticed a two-headed ogre
  3882 | D:12     | Killed a two-headed ogre
  4128 | D:11     | Reached skill level 6 in Conjurations
  4128 | D:11     | Reached skill level 6 in Hexes
  4128 | D:11     | Reached skill level 6 in Charms
  4128 | D:11     | Reached skill level 6 in Summonings
  4128 | D:11     | Reached skill level 6 in Necromancy
  4128 | D:11     | Reached skill level 6 in Translocations
  4128 | D:11     | Reached skill level 6 in Fire Magic
  4128 | D:11     | Reached skill level 6 in Ice Magic
  4128 | D:11     | Reached skill level 6 in Air Magic
  4128 | D:11     | Reached skill level 6 in Poison Magic
  4201 | D:10     | Noticed Maurice
  4214 | D:10     | Noticed a two-headed ogre
  4214 | D:10     | Killed a two-headed ogre
  4214 | D:10     | Reached skill level 8 in Invocations
  4228 | D:10     | Killed Maurice
  4228 | D:10     | Reached skill level 9 in Spellcasting
  4373 | D:9      | Found Fegips's Armour Shop.
  4379 | D:9      | Noticed a two-headed ogre
  4390 | D:9      | Killed a two-headed ogre
  4418 | D:9      | Noticed an ice dragon
  4434 | D:9      | Killed an ice dragon
  4445 | D:9      | Bought a +0 pair of boots for 67 gold pieces
  4458 | D:9      | Noticed Joseph
  4476 | D:9      | Killed Joseph
  4487 | D:9      | Found a staircase to the Orcish Mines.
  4507 | D:9      | Found a runed door.
  4512 | D:9      | Identified Toqidutz's Almanac of Assistive Translocation
  4524 | D:9      | Identified a scroll of acquirement
  4526 | D:9      | Got an encrusted glaive
  4534 | D:9      | Identified the +3 glaive "Tecry" {flame, rN+ Str+2} (You found it on level 9 of the Dungeon)
  4544 | D:9      | Learned a level 4 spell: Summon Lightning Spire
  4564 | Orc:1    | Entered Level 1 of the Orcish Mines
  4602 | Orc:1    | Found Duus's Book Shop.
  4612 | Orc:1    | Reached skill level 9 in Dodging
  4616 | Orc:1    | Found Uxuacwat's Armour Shop.
  4631 | Orc:1    | Noticed a two-headed ogre
  4635 | Orc:1    | Killed a two-headed ogre
  4666 | Orc:1    | Reached XP level 13. HP: 98/98 MP: 26/26
  4763 | Orc:1    | Found Meubbe Hytso's Distillery.
  4772 | Orc:1    | Bought a potion of degeneration for 12 gold pieces
  4793 | Orc:2    | Entered Level 2 of the Orcish Mines
  4808 | Orc:2    | Reached ****** piety under Cheibriados
  4824 | Orc:2    | Found a roughly hewn altar of Beogh.
  4843 | Orc:2    | Found a roughly hewn altar of Beogh.
  5044 | Orc:2    | Reached skill level 9 in Stealth
  5046 | Orc:2    | Noticed an orc warlord
  5053 | Orc:2    | Reached skill level 7 in Transmutations
  5064 | Orc:2    | Killed an orc warlord
  5064 | Orc:2    | Reached skill level 8 in Fighting
  5064 | Orc:2    | Reached skill level 8 in Short Blades
  5064 | Orc:2    | Reached skill level 8 in Long Blades
  5064 | Orc:2    | Reached skill level 8 in Axes
  5064 | Orc:2    | Reached skill level 8 in Maces & Flails
  5064 | Orc:2    | Reached skill level 8 in Polearms
  5064 | Orc:2    | Reached skill level 8 in Staves
  5064 | Orc:2    | Reached skill level 8 in Slings
  5064 | Orc:2    | Reached skill level 8 in Bows
  5064 | Orc:2    | Reached skill level 8 in Crossbows
  5064 | Orc:2    | Reached skill level 8 in Throwing
  5064 | Orc:2    | Reached skill level 8 in Armour
  5064 | Orc:2    | Reached skill level 8 in Shields
  5064 | Orc:2    | Reached skill level 8 in Unarmed Combat
  5064 | Orc:2    | Reached skill level 8 in Evocations
  5083 | Orc:2    | Noticed a stone giant
  5097 | Orc:2    | Killed a stone giant
  5138 | Orc:2    | Found Kihuriq's Weapon Boutique.
  5138 | Orc:2    | Found Zeji Puh's Assorted Antiques.
  5146 | Orc:2    | Found Evor's Food Shop.
  5151 | Orc:2    | Found Fuudutob's Magic Scroll Shop.
  5161 | Orc:2    | Bought a shimmering marble ring for 200 gold pieces
  5162 | Orc:2    | Identified the ring "Luyviang" {rN++ AC+1} (You bought it in a shop on level 2 of the Orcish Mines)
  5163 | Orc:2    | Bought a dented jasper amulet for 200 gold pieces
  5195 | Orc:2    | Bought a scroll of blinking for 90 gold pieces
  5195 | Orc:2    | Bought a scroll of teleportation for 36 gold pieces
  5195 | Orc:2    | Bought a scroll of enchant weapon for 90 gold pieces
  5195 | Orc:2    | Bought a scroll of teleportation for 36 gold pieces
  5195 | Orc:2    | Bought a scroll of enchant armour for 90 gold pieces
  5195 | Orc:2    | Bought a scroll of brand weapon for 240 gold pieces
  5195 | Orc:2    | Bought a scroll of identify for 24 gold pieces
  5298 | Orc:2    | Found a staircase to the Elven Halls.
  5324 | Elf:1    | Entered Level 1 of the Elven Halls
  5365 | Orc:1    | Found Ranaroc's Jewellery Shoppe.
  5374 | Orc:1    | Learned a level 4 spell: Passage of Golubria
  5403 | Orc:1    | Bought a potion of flight for 36 gold pieces
  5403 | Orc:1    | Bought a potion of agility for 48 gold pieces
  5403 | Orc:1    | Bought a potion of heal wounds for 60 gold pieces
  5403 | Orc:1    | Bought a potion of flight for 36 gold pieces
  5403 | Orc:1    | Bought a potion of cancellation for 96 gold pieces
  5464 | D:9      | Identified the +10 plate armour "Ihojil" {rElec rN+ Int+5} (You found it on level 10 of the Dungeon)
  5567 | Lair:2   | Reached skill level 9 in Invocations
  5574 | Lair:2   | Got a shimmering war axe
  5575 | Lair:2   | Identified the +6 war axe "Diorph" {chop, rF+} (You found it on level 2 of the Lair of Beasts)
  5897 | Lair:2   | Found a staircase to the Snake Pit.
  5920 | Snake:1  | Entered Level 1 of the Snake Pit
  5954 | Snake:1  | Reached skill level 7 in Conjurations
  5954 | Snake:1  | Reached skill level 7 in Hexes
  5954 | Snake:1  | Reached skill level 7 in Charms
  5954 | Snake:1  | Reached skill level 7 in Summonings
  5954 | Snake:1  | Reached skill level 7 in Necromancy
  5954 | Snake:1  | Reached skill level 7 in Translocations
  5954 | Snake:1  | Reached skill level 7 in Fire Magic
  5954 | Snake:1  | Reached skill level 7 in Ice Magic
  5954 | Snake:1  | Reached skill level 7 in Air Magic
  5954 | Snake:1  | Reached skill level 9 in Earth Magic
  5954 | Snake:1  | Reached skill level 7 in Poison Magic
  6092 | Snake:1  | Reached skill level 10 in Spellcasting
  6129 | Snake:2  | Reached XP level 14. HP: 106/106 MP: 28/28
  6225 | Snake:3  | Reached skill level 10 in Dodging
  6259 | Snake:3  | Reached skill level 9 in Fighting
  6259 | Snake:3  | Reached skill level 9 in Short Blades
  6259 | Snake:3  | Reached skill level 9 in Long Blades
  6259 | Snake:3  | Reached skill level 9 in Axes
  6259 | Snake:3  | Reached skill level 9 in Maces & Flails
  6259 | Snake:3  | Reached skill level 9 in Polearms
  6259 | Snake:3  | Reached skill level 9 in Staves
  6259 | Snake:3  | Reached skill level 9 in Slings
  6259 | Snake:3  | Reached skill level 9 in Bows
  6259 | Snake:3  | Reached skill level 9 in Crossbows
  6259 | Snake:3  | Reached skill level 9 in Throwing
  6259 | Snake:3  | Reached skill level 9 in Armour
  6259 | Snake:3  | Reached skill level 9 in Shields
  6259 | Snake:3  | Reached skill level 9 in Unarmed Combat
  6259 | Snake:3  | Reached skill level 9 in Evocations
  6317 | Snake:4  | Entered Level 4 of the Snake Pit
  6348 | Snake:4  | Noticed Aizul
  6352 | Snake:4  | Reached skill level 10 in Stealth
  6364 | Snake:4  | Killed Aizul
  6391 | Snake:4  | Reached skill level 8 in Transmutations
  6412 | Snake:4  | Noticed a nagaraja
  6418 | Snake:4  | Killed a nagaraja
  6418 | Snake:4  | Reached skill level 10 in Invocations
  6459 | Snake:4  | Found Hysk's Food Shoppe.
  6517 | Snake:4  | Found Utean's Magic Scroll Shoppe.
  6520 | Snake:4  | Found Taydur's Jewellery Emporium.
  6525 | Snake:4  | Found Momoh's Jewellery Emporium.
  6548 | Snake:4  | Bought an uncursed amulet of magic regeneration for 390 gold pieces
  6554 | Snake:4  | Bought a scroll of blinking for 112 gold pieces
  6584 | Snake:4  | Got a steaming mace
  6585 | Snake:4  | Identified the +7 mace of Anyixt {elec, Dex+3} (You found it on level 4 of the Snake Pit)
  6677 | Snake:4  | Noticed a nagaraja
  6681 | Snake:4  | Killed a nagaraja
  6727 | Snake:4  | Noticed Vashnia
  6811 | Snake:4  | Reached skill level 8 in Conjurations
  6811 | Snake:4  | Reached skill level 8 in Hexes
  6811 | Snake:4  | Reached skill level 8 in Charms
  6811 | Snake:4  | Reached skill level 8 in Summonings
  6811 | Snake:4  | Reached skill level 8 in Necromancy
  6811 | Snake:4  | Reached skill level 8 in Translocations
  6811 | Snake:4  | Reached skill level 8 in Fire Magic
  6811 | Snake:4  | Reached skill level 8 in Ice Magic
  6811 | Snake:4  | Reached skill level 8 in Air Magic
  6811 | Snake:4  | Reached skill level 8 in Poison Magic
  6817 | Snake:4  | Reached XP level 15. HP: 93/114 MP: 29/29
  6931 | Snake:4  | Noticed a nagaraja
  6953 | Snake:4  | Killed a nagaraja
  6954 | Snake:4  | Reached skill level 11 in Spellcasting
  6962 | Snake:4  | Reached skill level 10 in Earth Magic
  6986 | Snake:4  | Noticed a nagaraja
  7021 | Snake:4  | Killed a nagaraja
  7021 | Snake:4  | Reached skill level 10 in Fighting
  7021 | Snake:4  | Reached skill level 10 in Short Blades
  7021 | Snake:4  | Reached skill level 10 in Long Blades
  7021 | Snake:4  | Reached skill level 10 in Axes
  7021 | Snake:4  | Reached skill level 10 in Maces & Flails
  7021 | Snake:4  | Reached skill level 10 in Polearms
  7021 | Snake:4  | Reached skill level 10 in Staves
  7021 | Snake:4  | Reached skill level 10 in Slings
  7021 | Snake:4  | Reached skill level 10 in Bows
  7021 | Snake:4  | Reached skill level 10 in Crossbows
  7021 | Snake:4  | Reached skill level 10 in Throwing
  7021 | Snake:4  | Reached skill level 10 in Armour
  7021 | Snake:4  | Reached skill level 10 in Shields
  7021 | Snake:4  | Reached skill level 10 in Unarmed Combat
  7021 | Snake:4  | Reached skill level 10 in Evocations
  7067 | Snake:4  | Killed Vashnia
  7067 | Snake:4  | Reached skill level 11 in Dodging
  7095 | Snake:4  | Noticed a nagaraja
  7105 | Snake:4  | Killed a nagaraja
  7108 | Snake:4  | Reached skill level 11 in Invocations
  7149 | Snake:4  | Got a serpentine rune of Zot
  7176 | Snake:4  | Learned a level 2 spell: Blink
  7311 | Snake:2  | Reached skill level 11 in Stealth
  7373 | Snake:2  | Reached skill level 9 in Transmutations
  7385 | Snake:2  | Found a glowing silver altar of Zin.
  7410 | Snake:3  | Reached XP level 16. HP: 71/122 MP: 31/31
  7551 | Lair:3   | Found a staircase to the Shoals.
  7565 | Shoals:1 | Entered Level 1 of the Shoals
  7698 | Shoals:1 | Identified the +1 falchion "Oneryoso" {holy, rPois MP+9 Int+4 SInv} (You found it on level 1 of the Shoals)
  7748 | Shoals:1 | Noticed a kraken
  7759 | Shoals:1 | Killed a kraken
  7771 | Shoals:2 | Noticed Polyphemus
  7812 | Shoals:1 | Noticed Louise
  7826 | Shoals:1 | Killed Louise
  7885 | Shoals:2 | Noticed Ketzopolo's ghost (journeyman DsMo)
  7890 | Shoals:2 | Learned a level 3 spell: Conjure Flame
  8027 | Shoals:3 | Reached skill level 9 in Conjurations
  8027 | Shoals:3 | Reached skill level 9 in Hexes
  8027 | Shoals:3 | Reached skill level 9 in Charms
  8027 | Shoals:3 | Reached skill level 9 in Summonings
  8027 | Shoals:3 | Reached skill level 9 in Necromancy
  8027 | Shoals:3 | Reached skill level 9 in Translocations
  8027 | Shoals:3 | Reached skill level 9 in Fire Magic
  8027 | Shoals:3 | Reached skill level 9 in Ice Magic
  8027 | Shoals:3 | Reached skill level 9 in Air Magic
  8027 | Shoals:3 | Reached skill level 9 in Poison Magic
  8030 | Shoals:3 | Cast into level 3 of the Abyss (merfolk impaler)
  8040 | Abyss:4  | Found a corrupted altar of Lugonu.
  8040 | Abyss:4  | Noticed a tentacled starspawn
  8043 | Abyss:4  | Got an abyssal rune of Zot
  8053 | Abyss:4  | Killed a tentacled starspawn
  8071 | Shoals:3 | Escaped the Abyss
  8085 | Shoals:4 | Entered Level 4 of the Shoals
  8085 | Shoals:4 | Noticed Ilsuiw
  8177 | Shoals:3 | Paralysed by a centaur for 6 turns
  8306 | Shoals:4 | Found Wipn's Jewellery Shop.
  8395 | Shoals:4 | Found Yczownoh's Gadget Shop.
  8538 | Shoals:4 | Reached skill level 11 in Fighting
  8538 | Shoals:4 | Reached skill level 11 in Short Blades
  8538 | Shoals:4 | Reached skill level 11 in Long Blades
  8538 | Shoals:4 | Reached skill level 11 in Axes
  8538 | Shoals:4 | Reached skill level 11 in Maces & Flails
  8538 | Shoals:4 | Reached skill level 11 in Polearms
  8538 | Shoals:4 | Reached skill level 11 in Staves
  8538 | Shoals:4 | Reached skill level 11 in Slings
  8538 | Shoals:4 | Reached skill level 11 in Bows
  8538 | Shoals:4 | Reached skill level 11 in Crossbows
  8538 | Shoals:4 | Reached skill level 11 in Throwing
  8538 | Shoals:4 | Reached skill level 11 in Armour
  8538 | Shoals:4 | Reached skill level 11 in Shields
  8538 | Shoals:4 | Reached skill level 11 in Unarmed Combat
  8538 | Shoals:4 | Reached skill level 11 in Evocations
  8555 | Shoals:4 | Killed Ilsuiw
  8594 | Shoals:4 | Got a barnacled rune of Zot
  8595 | Shoals:4 | Upgraded the game from 0.21-a0-584-g185da8e to 0.21-a0-591-g2314aa1
  8620 | Shoals:4 | Reached skill level 12 in Spellcasting
  8627 | Shoals:4 | Reached XP level 17. HP: 84/131 MP: 33/33
  8690 | Shoals:4 | Found Godutak's Magic Scroll Boutique.
  8695 | Shoals:4 | Reached skill level 12 in Invocations
  8705 | Shoals:4 | Found Reonk's Antique Armour Shop.
  8846 | Shoals:4 | Bought an uncursed ring of resist corrosion for 340 gold pieces
  8854 | Shoals:4 | Noticed a kraken
  8923 | Shoals:3 | Reached skill level 12 in Dodging
  9184 | Lair:6   | Entered Level 6 of the Lair of Beasts
  9205 | Lair:6   | Reached skill level 11 in Earth Magic
  9248 | Lair:6   | Reached skill level 12 in Stealth
  9265 | Lair:6   | Noticed torrenera's ghost (journeyman DgFE)
  9273 | Lair:6   | Killed torrenera's ghost
  9311 | Lair:6   | Reached skill level 10 in Transmutations
  9676 | Lair:5   | Found a viscous altar of Jiyva.
  9677 | Lair:5   | Found a staircase to the Slime Pits.
  9690 | Slime:1  | Entered Level 1 of the Pits of Slime
  9692 | Slime:1  | Gained mutation: You expend magic power (3 MP) to strengthen your wands. [a shining eye]
  9693 | Slime:1  | Gained mutation: You are clumsy. (Dex -2) [a shining eye]
  9697 | Slime:1  | Gained mutation: You are robust. (+10% HP) [a shining eye]
  9700 | Slime:1  | Noticed an acid blob
  9703 | Slime:1  | Killed an acid blob
  9714 | Slime:2  | Noticed an acid blob
  9720 | Slime:2  | Noticed an acid blob
  9729 | Slime:1  | Killed an acid blob
  9782 | Slime:2  | Killed an acid blob
  9808 | Slime:3  | Learned a level 5 spell: Bolt of Draining
  9817 | Slime:4  | Noticed an acid blob
  9831 | Slime:4  | Killed an acid blob
  9831 | Slime:4  | Paralysed by a great orb of eyes for 6 turns
  9883 | Slime:5  | Entered Level 5 of the Pits of Slime
  9883 | Slime:5  | Noticed an acid blob
  9885 | Slime:5  | Gained mutation: Scrolls take you a little longer to read. [a shining eye]
  9895 | Slime:4  | Killed an acid blob
  9895 | Slime:4  | Reached skill level 10 in Conjurations
  9895 | Slime:4  | Reached skill level 10 in Hexes
  9895 | Slime:4  | Reached skill level 10 in Charms
  9895 | Slime:4  | Reached skill level 10 in Summonings
  9895 | Slime:4  | Reached skill level 10 in Necromancy
  9895 | Slime:4  | Reached skill level 10 in Translocations
  9895 | Slime:4  | Reached skill level 10 in Fire Magic
  9895 | Slime:4  | Reached skill level 10 in Ice Magic
  9895 | Slime:4  | Reached skill level 10 in Air Magic
  9895 | Slime:4  | Reached skill level 10 in Poison Magic
  9930 | Slime:5  | Noticed an acid blob
  9930 | Slime:5  | Noticed an acid blob
  9941 | Slime:4  | Killed an acid blob
  9941 | Slime:4  | Reached XP level 18. HP: 62/152 MP: 34/34
  9993 | Slime:5  | Found a viscous altar of Jiyva.
  9993 | Slime:5  | Noticed the Royal Jelly
  9999 | Slime:5  | Lost mutation: You are robust. (+10% HP) [a shining eye]
 10008 | Slime:5  | Killed the Royal Jelly
 10041 | Slime:5  | Found the +8 autumn katana {slice, Clar}
 10048 | Slime:5  | Found the brooch of Shielding {Reflect SH+8}
 10052 | Slime:5  | Identified the ring "Wogiem" {Wiz rElec rPois rF- Dex+5} (You found it on level 5 of the Pits of Slime)
 10054 | Slime:5  | Got a slimy rune of Zot
 10176 | Slime:5  | Got a twitching silver ring
 10180 | Slime:5  | Identified the cursed ring of Qaceukh {MP-9 EV-2 Int+4 Slay+2} (You found it on level 5 of the Pits of Slime)
 10306 | Shoals:2 | Reached skill level 12 in Fighting
 10306 | Shoals:2 | Reached skill level 12 in Short Blades
 10306 | Shoals:2 | Reached skill level 12 in Long Blades
 10306 | Shoals:2 | Reached skill level 12 in Axes
 10306 | Shoals:2 | Reached skill level 12 in Maces & Flails
 10306 | Shoals:2 | Reached skill level 12 in Polearms
 10306 | Shoals:2 | Reached skill level 12 in Staves
 10306 | Shoals:2 | Reached skill level 12 in Slings
 10306 | Shoals:2 | Reached skill level 12 in Bows
 10306 | Shoals:2 | Reached skill level 12 in Crossbows
 10306 | Shoals:2 | Reached skill level 12 in Throwing
 10306 | Shoals:2 | Reached skill level 12 in Armour
 10306 | Shoals:2 | Reached skill level 12 in Shields
 10306 | Shoals:2 | Reached skill level 12 in Unarmed Combat
 10306 | Shoals:2 | Reached skill level 12 in Evocations
 10381 | Shoals:4 | Bought the ring of Pantheism {MP-9 Dex+4 Slay+6 Stlth+} for 666 gold pieces
 10406 | Shoals:4 | Noticed Donald
 10410 | Shoals:4 | Killed Donald
 10441 | Shoals:4 | Bought a scroll of enchant weapon for 82 gold pieces
 10441 | Shoals:4 | Bought a scroll of blinking for 82 gold pieces
 10441 | Shoals:4 | Bought a scroll of teleportation for 33 gold pieces
 10441 | Shoals:4 | Bought a scroll of enchant weapon for 82 gold pieces
 10441 | Shoals:4 | Bought a scroll of blinking for 82 gold pieces
 10446 | Shoals:4 | Reached skill level 13 in Invocations
 10504 | Shoals:2 | Killed Ketzopolo's ghost
 10587 | Lair:1   | Learned a level 4 spell: Control Undead
 10832 | D:14     | Found a gate to the Vaults.
 10846 | Vaults:1 | Entered Level 1 of the Vaults
 10898 | Vaults:1 | Reached skill level 13 in Spellcasting
 10945 | Vaults:1 | Found Zej Zuh's General Store.
 10979 | Vaults:1 | Found a ruined gateway.
 10998 | Desolati | Entered the Desolation of Salt
 11051 | Desolati | Reached skill level 13 in Dodging
 11135 | Desolati | Got a fine amber ring
 11140 | Desolati | Identified the ring of Egomania {rF+ Str+4} (You found it in the Desolation of Salt)
 11149 | Desolati | Reached XP level 19. HP: 147/147 MP: 17/36
 11172 | Desolati | Reached skill level 13 in Stealth
 11185 | Desolati | Identified the cursed +1 scale mail of Birdsong {Int+2} (You found it in the Desolation of Salt)
 11192 | Desolati | Identified Etippocu's Disquisition on the Supportive Voyage
 11309 | Desolati | Identified the Disquisition on Dusty Dark Rituals
 11317 | Desolati | Identified the Catalogue of the Cankerous Traveller
 11325 | Desolati | Learned a level 6 spell: Statue Form
 11429 | Desolati | Reached skill level 11 in Transmutations
 11459 | Desolati | Identified the Collected Works on Conjuration
 11461 | Desolati | Got a slimy granite ring
 11463 | Desolati | Identified the ring "Jauf" {*Drain AC+4 Str+6} (You found it in the Desolation of Salt)
 11537 | Vaults:1 | Bought a potion of flight for 36 gold pieces
 11537 | Vaults:1 | Bought a potion of brilliance for 48 gold pieces
 11537 | Vaults:1 | Bought a scroll of amnesia for 42 gold pieces
 11604 | Vaults:2 | Reached skill level 12 in Earth Magic
 11813 | Vaults:4 | Reached skill level 11 in Conjurations
 11813 | Vaults:4 | Reached skill level 11 in Hexes
 11813 | Vaults:4 | Reached skill level 11 in Charms
 11813 | Vaults:4 | Reached skill level 11 in Summonings
 11813 | Vaults:4 | Reached skill level 11 in Necromancy
 11813 | Vaults:4 | Reached skill level 11 in Translocations
 11813 | Vaults:4 | Reached skill level 11 in Fire Magic
 11813 | Vaults:4 | Reached skill level 11 in Ice Magic
 11813 | Vaults:4 | Reached skill level 11 in Air Magic
 11813 | Vaults:4 | Reached skill level 11 in Poison Magic
 12076 | Vaults:3 | Reached XP level 20. HP: 148/155 MP: 27/37
 12122 | Vaults:2 | Reached skill level 14 in Invocations
 12123 | Vaults:2 | Reached skill level 13 in Fighting
 12123 | Vaults:2 | Reached skill level 13 in Short Blades
 12123 | Vaults:2 | Reached skill level 13 in Long Blades
 12123 | Vaults:2 | Reached skill level 13 in Axes
 12123 | Vaults:2 | Reached skill level 13 in Maces & Flails
 12123 | Vaults:2 | Reached skill level 13 in Polearms
 12123 | Vaults:2 | Reached skill level 13 in Staves
 12123 | Vaults:2 | Reached skill level 13 in Slings
 12123 | Vaults:2 | Reached skill level 13 in Bows
 12123 | Vaults:2 | Reached skill level 13 in Crossbows
 12123 | Vaults:2 | Reached skill level 13 in Throwing
 12123 | Vaults:2 | Reached skill level 13 in Armour
 12123 | Vaults:2 | Reached skill level 13 in Shields
 12123 | Vaults:2 | Reached skill level 13 in Unarmed Combat
 12123 | Vaults:2 | Reached skill level 13 in Evocations
 12389 | Vaults:5 | Entered Level 5 of the Vaults
 12404 | Vaults:5 | Paralysed by a great orb of eyes for 3 turns
 12408 | Vaults:5 | Reached skill level 14 in Spellcasting
 12428 | Vaults:5 | Reached skill level 14 in Dodging
 12438 | Vaults:5 | Reached skill level 14 in Stealth
 12468 | Vaults:5 | Reached XP level 21. HP: 106/163 MP: 7/39
 12580 | Vaults:5 | Found Siediec's Magic Scroll Emporium.
 12585 | Vaults:5 | Found Ronn's Food Shop.
 12622 | Vaults:5 | Noticed an ancient lich
 12627 | Vaults:5 | Killed an ancient lich
 12627 | Vaults:5 | Reached skill level 12 in Transmutations
 12631 | Vaults:5 | Cast into level 2 of the Abyss (a deep elf demonologist)
 12782 | Vaults:5 | Escaped the Abyss
 12795 | Vaults:5 | Found Edezun's Distillery.
 12796 | Vaults:5 | Bought a scroll of fog for 34 gold pieces
 12796 | Vaults:5 | Bought a scroll of enchant weapon for 127 gold pieces
 12796 | Vaults:5 | Bought a scroll of fog for 34 gold pieces
 12799 | Vaults:5 | Bought 2 potions of flight for 90 gold pieces
 12799 | Vaults:5 | Bought a potion of might for 60 gold pieces
 12799 | Vaults:5 | Bought a potion of agility for 60 gold pieces
 12799 | Vaults:5 | Bought a potion of might for 60 gold pieces
 12809 | Vaults:5 | Found Medotz's Food Emporium.
 12817 | Vaults:5 | Found Rimiunar's Food Shop.
 12825 | Vaults:5 | Found Fixkuf's Food Shoppe.
 12830 | Vaults:5 | Found Soyxag's Distillery.
 12830 | Vaults:5 | Found Zuudwinn's Distillery.
 12834 | Vaults:5 | Bought a potion of heal wounds for 115 gold pieces
 12834 | Vaults:5 | Bought a potion of magic for 184 gold pieces
 12834 | Vaults:5 | Bought a potion of might for 92 gold pieces
 12834 | Vaults:5 | Bought a potion of agility for 92 gold pieces
 12834 | Vaults:5 | Bought a potion of agility for 92 gold pieces
 12837 | Vaults:5 | Bought a potion of heal wounds for 80 gold pieces
 12837 | Vaults:5 | Bought a potion of mutation for 128 gold pieces
 12899 | Vaults:5 | Identified the +8 broad axe of Chance {chop, Int+6} (You found it on level 5 of the Vaults)
 12927 | Vaults:5 | Found Seran's Antique Armour Shoppe.
 13131 | Vaults:5 | Got a silver rune of Zot
 13226 | Vaults:4 | Reached skill level 15 in Invocations
 13243 | Vaults:4 | Reached skill level 12 in Conjurations
 13243 | Vaults:4 | Reached skill level 12 in Hexes
 13243 | Vaults:4 | Reached skill level 12 in Charms
 13243 | Vaults:4 | Reached skill level 12 in Summonings
 13243 | Vaults:4 | Reached skill level 12 in Necromancy
 13243 | Vaults:4 | Reached skill level 12 in Translocations
 13243 | Vaults:4 | Reached skill level 12 in Fire Magic
 13243 | Vaults:4 | Reached skill level 12 in Ice Magic
 13243 | Vaults:4 | Reached skill level 12 in Air Magic
 13243 | Vaults:4 | Reached skill level 13 in Earth Magic
 13243 | Vaults:4 | Reached skill level 12 in Poison Magic
 13261 | Vaults:4 | Found Patrepn's General Store.
 13264 | Vaults:4 | Bought a scroll of acquirement for 676 gold pieces
 13264 | Vaults:4 | Bought a potion of might for 52 gold pieces
 13264 | Vaults:4 | Bought a potion of might for 52 gold pieces
 13264 | Vaults:4 | Bought a potion of heal wounds for 65 gold pieces
 13264 | Vaults:4 | Bought a scroll of identify for 26 gold pieces
 13287 | Vaults:4 | Learned a level 7 spell: Malign Gateway
 13290 | Vaults:4 | Learned a level 2 spell: Sublimation of Blood
 13423 | Vaults:2 | Found a staircase to the Crypt.
 13431 | Crypt:1  | Entered Level 1 of the Crypt
 13457 | Crypt:1  | Reached skill level 14 in Fighting
 13457 | Crypt:1  | Reached skill level 14 in Short Blades
 13457 | Crypt:1  | Reached skill level 14 in Long Blades
 13457 | Crypt:1  | Reached skill level 14 in Axes
 13457 | Crypt:1  | Reached skill level 14 in Maces & Flails
 13457 | Crypt:1  | Reached skill level 14 in Polearms
 13457 | Crypt:1  | Reached skill level 14 in Staves
 13457 | Crypt:1  | Reached skill level 14 in Slings
 13457 | Crypt:1  | Reached skill level 14 in Bows
 13457 | Crypt:1  | Reached skill level 14 in Crossbows
 13457 | Crypt:1  | Reached skill level 14 in Throwing
 13457 | Crypt:1  | Reached skill level 14 in Armour
 13457 | Crypt:1  | Reached skill level 14 in Shields
 13457 | Crypt:1  | Reached skill level 14 in Unarmed Combat
 13457 | Crypt:1  | Reached skill level 14 in Evocations
 13578 | Crypt:2  | Reached XP level 22. HP: 156/172 MP: 26/40
 13650 | Crypt:3  | Entered Level 3 of the Crypt
 13810 | Crypt:3  | Reached skill level 15 in Spellcasting
 13874 | Crypt:3  | Cast into level 5 of the Abyss (a lich)
 13874 | Abyss:5  | Entered Level 5 of the Abyss
 13875 | Abyss:5  | Found a corrupted altar of Lugonu.
 13923 | Crypt:3  | Escaped the Abyss
 13955 | Crypt:3  | Found a basalt altar of Yredelemnul.
 13955 | Crypt:3  | Noticed an ancient lich
 13963 | Crypt:3  | Cast into level 5 of the Abyss (an ancient lich)
 13963 | Abyss:5  | Entered Level 5 of the Abyss
 14053 | Abyss:5  | Reached skill level 15 in Dodging
 14111 | Crypt:3  | Escaped the Abyss
 14128 | Crypt:3  | Killed an ancient lich
 14146 | Crypt:3  | Identified the Reference Book on Sinister Changing
 14147 | Crypt:3  | Identified the Almanac of Entrancing Translocation
 14236 | Crypt:3  | Reached skill level 15 in Stealth
 14262 | Crypt:3  | Found a staircase to the Tomb.
 14269 | Tomb:1   | Entered Level 1 of the Tomb of the Ancients
 14414 | Tomb:1   | Noticed a greater mummy
 14420 | Tomb:1   | Killed a greater mummy
 14438 | Tomb:1   | Noticed a greater mummy
 14442 | Tomb:1   | HP: 8/224 [quicksilver dragon simulacrum[a greater mummy] (44)]
 14448 | Tomb:1   | Noticed a greater mummy
 14451 | Tomb:1   | Killed a greater mummy
 14452 | Tomb:1   | HP: 22/224 [greater mummy/divine providence (14)]
 14456 | Tomb:1   | Noticed a greater mummy
 14458 | Tomb:1   | Killed a greater mummy
 14458 | Tomb:1   | Reached XP level 23. HP: 25/179 MP: 30/42
 14458 | Tomb:1   | HP: 22/232 [??? (5)]
 14465 | Tomb:1   | Killed a greater mummy
 14466 | Tomb:1   | Noticed a greater mummy
 14466 | Tomb:1   | Noticed a greater mummy
 14472 | Tomb:1   | HP: 20/232 [emperor scorpion[a greater mummy] (8)]
 14474 | Tomb:1   | Killed from afar by a greater mummy

Vault maps used:
D:1:      dpeg_arrival_solitude, minmay_distorted
D:2:      uniq_robin
D:3:      uniq_grinder, uniq_natasha
D:4:      minmay_opposing_rooms, minmay_temple_entry_glass
D:5:      first_ration, serial_corexii_hall, corexii_hall_statues_s,
          corexii_hall_statues_i, kennysheep_dice
D:6:      amethyst_overflow_temple_binary, fedhas_altar_1, uniq_duvessa,
          uniq_sigmund
D:7:      uniq_menkaure
D:9:      minmay_gate_of_8, vehumet_altar_wand_db, orc_0_dummy, serial_shops,
          shop_statue, uniq_grum, uniq_joseph
D:10:     lair_entry_dummy, serial_corexii_hall, corexii_hall_statues_x,
          corexii_hall_statues_t, corexii_hall_statues_i, uniq_gastronok,
          uniq_maurice
D:11:     uniq_erolcha, uniq_sonja
D:12:     portal_ice_cave_entry_imps, serial_shops, shop,
          nicolae_shop_statue_plus
D:13:     mludivico_vault, basic_altar
D:14:     david_vaults_1, hangedman_ranch
Temple:   eino_narrow_crystal_temple
Lair:1:   minmay_holes, minmay_hedge_maze
Lair:2:   beast_lair_carwin_large_4, dummy_snake_entry
Lair:3:   shoals_dummy_entry
Lair:5:   gammafunk_lair_enchanted_lake, dpeg_slime_entry_enclosed_altar
Lair:6:   hangedman_lair_in_review, guppyfry_lair_end_dragon, lookout_lair_type,
          eino_small_chamber_without_monster, st_stairs_5
Shoals:1: uniq_louise
Shoals:2: uniq_polyphemus
Shoals:4: shoals_end_hangedman, shoal_ilsuiw, serial_shops,
          nicolae_shop_window_shopping, nicolae_shop_statue_plus, shop, shop,
          uniq_donald
Snake:1:  grunt_megastairs_4
Snake:2:  basic_altar, serial_bayou_ford_a, nicolae_snake_squiggles
Snake:3:  serial_bayou_shore_b, lemuel_fruit_tree
Snake:4:  snake_pit, nrook_guardian_serpent_ordinary, minmay_shoptagon,
          uniq_aizul, uniq_vashnia
Orc:1:    serial_shops, nicolae_shop_behind_doors, shop, shop_statue,
          nicolae_shop_statue_plus
Orc:2:    st_orc_mages, basic_altar, mines1_david
Elf:1:    minmay_elf_arrival_summoners, minmay_elf_necromancy
Vaults:1: nicolae_vaults_mini_display_case, v_misc_16, v_pattern_5,
          ontoclasm_vaults_idyll, hangedman_vaults_restitches,
          nicolae_vaults_puzzle_piece, ontoclasm_vaults_shuriken,
          nicolae_vaults_twisting_passages, v_rooms_3, vaults_dpeg_encased_lava,
          ontoclasm_vaults_gallery, portal_desolation_entry_salt, serial_shops,
          nicolae_shop_stone
Vaults:2: minmay_crypt_entry_vampire_xt, vaults_room_door_ring,
          ontoclasm_vaults_gateway, nicolae_vaults_asterisk, v_misc_27,
          v_misc_22, vaults_room_door_ring, vaults_mumra_lcd
Vaults:3: ontoclasm_vaults_fire_temple, hangedman_vaults_unwind,
          hangedman_vaults_impose
Vaults:4: vaults_dpeg_hooks, nicolae_vaults_diagonal_hallway_7,
          vaults_room_door_hall, ontoclasm_vaults_shout, hangedman_vaults_locks,
          nicolae_vaults_little_ls, ontoclasm_vaults_pinch,
          vaults_room_large_hall, dpeg_vaults_monster_row,
          vaults_room_large_hall, hangedman_vaults_slice, vaults_room_fours,
          vaults_mumra_chevron, ontoclasm_vaults_eye, serial_shops,
          nicolae_shop_behind_doors
Crypt:1:  skrybe_necro_troll_1
Crypt:2:  due_chaos_kobolds, st_vampire_maze, uniq_margery
Crypt:3:  cryptofortress_bobbens
Abyss:3:  hangedman_abyss_or_decor_lesser_grid
Abyss:4:  hangedman_abyss_river_spirits, nicolae_abyss_rune_star_stuff,
          evilmike_abyss_exit_kraken
Abyss:5:  evilmike_abyss_exit_16, hangedman_abyss_or_decor_stabs,
          abyss_greek_temple, hangedman_abyss_mock_shop,
          hangedman_abyss_or_decor_jellyfish_corner
IceCv:    ice_cave_small_demon

Skill      XL: |  1  2  3  4  5  6  7  8  9 10 11 12 13 14 15 16 17 18 19 20 21 22 |
---------------+-------------------------------------------------------------------+-----
Transmutations | 2 3 4 5 6 7 8 9 10 11 12 | 12.8
Spellcasting   | 5 6 7 8 9 10 11 12 13 14 15 | 15.3
Invocations    | 1 2 3 4 5 6 7 8 9 10 11 12 13 14 15 | 15.8
Fighting       | 1 2 3 4 5 6 7 8 9 10 11 12 13 14 | 14.7
Short Blades   | 1 2 3 4 5 6 7 8 9 10 11 12 13 14 | 14.7
Long Blades    | 1 2 3 4 5 6 7 8 9 10 11 12 13 14 | 14.7
Axes           | 1 2 3 4 5 6 7 8 9 10 11 12 13 14 | 14.7
Maces & Flails | 1 2 3 4 5 6 7 8 9 10 11 12 13 14 | 14.7
Polearms       | 1 2 3 4 5 6 7 8 9 10 11 12 13 14 | 14.7
Staves         | 1 2 3 4 5 6 7 8 9 10 11 12 13 14 | 14.7
Slings         | 1 2 3 4 5 6 7 8 9 10 11 12 13 14 | 14.7
Bows           | 1 2 3 4 5 6 7 8 9 10 11 12 13 14 | 14.7
Crossbows      | 1 2 3 4 5 6 7 8 9 10 11 12 13 14 | 14.7
Throwing       | 1 2 3 4 5 6 7 8 9 10 11 12 13 14 | 14.7
Armour         | 1 2 3 4 5 6 7 8 9 10 11 12 13 14 | 14.7
Shields        | 1 2 3 4 5 6 7 8 9 10 11 12 13 14 | 14.7
Unarmed Combat | 1 2 3 4 5 6 7 8 9 10 11 12 13 14 | 14.7
Evocations     | 1 2 3 4 5 6 7 8 9 10 11 12 13 14 | 14.7
Conjurations   | 1 2 3 4 5 6 7 8 9 10 11 12 | 12.6
Hexes          | 1 2 3 4 5 6 7 8 9 10 11 12 | 12.6
Charms         | 1 2 3 4 5 6 7 8 9 10 11 12 | 12.6
Summonings     | 1 2 3 4 5 6 7 8 9 10 11 12 | 12.6
Necromancy     | 1 2 3 4 5 6 7 8 9 10 11 12 | 12.6
Translocations | 1 2 3 4 5 6 7 8 9 10 11 12 | 12.6
Fire Magic     | 1 2 3 4 5 6 7 8 9 10 11 12 | 12.6
Ice Magic      | 1 2 3 4 5 6 7 8 9 10 11 12 | 12.6
Air Magic      | 1 2 3 4 5 6 7 8 9 10 11 12 | 12.6
Poison Magic   | 1 2 3 4 5 6 7 8 9 10 11 12 | 12.6
Dodging        | 5 6 7 8 9 10 11 12 13 14 15 | 15.2
Stealth        | 5 6 7 8 9 10 11 12 13 14 15 | 15.2
Earth Magic    | 6 7 8 9 10 11 12 13 | 13.6

Action                   |  1- 3 |  4- 6 |  7- 9 | 10-12 | 13-15 | 16-18 | 19-21 | 22-24 || total
-------------------------+-------+-------+-------+-------+-------+-------+-------+-------++-------
Melee: Short sword       |     3 |       |       |       |       |       |       |       ||     3
       Dagger            |       |     2 |     7 |    26 |     6 |       |       |       ||    41
       Bite              |       |       |     3 |    23 |   103 |   112 |    66 |    39 ||   346
       Scimitar          |       |       |     3 |    22 |     1 |       |       |       ||    26
       Punch             |       |       |     1 |     1 |     5 |       |       |       ||     7
       War axe           |       |       |       |    31 |    61 |       |       |       ||    92
       Broad axe         |       |       |       |       |   400 |   535 |   319 |   220 ||  1474
       Unarmed           |       |       |       |       |       |       |    33 |       ||    33
Throw: Stone             |       |       |       |     1 |       |       |       |       ||     1
       Tomahawk          |       |       |       |       |    10 |     5 |       |       ||    15
       Javelin           |       |       |       |       |       |    55 |    74 |       ||   129
       Throwing net      |       |       |       |       |       |     2 |     1 |     2 ||     5
 Cast: Sandblast         |    38 |    47 |   103 |   207 |     5 |    49 |       |       ||   449
       Passwall          |     6 |     8 |    29 |    50 |    21 |    42 |     4 |       ||   160
       Apportation       |       |    38 |    18 |    62 |   100 |   181 |    84 |    18 ||   501
       Petrify           |       |       |     2 |    14 |    12 |     1 |       |       ||    29
       Animate Skeleton  |       |       |     6 |    11 |     2 |       |       |       ||    19
       Lee's Rapid Decon |       |       |       |    29 |    14 |    16 |    36 |    33 ||   128
       Regeneration      |       |       |       |    11 |    37 |    45 |    15 |    10 ||   118
       Summon Lightning  |       |       |       |     7 |    83 |   146 |    72 |    18 ||   326
       Passage of Golubr |       |       |       |       |    71 |   205 |   138 |    35 ||   449
       Animate Dead      |       |       |       |       |     3 |     7 |     1 |     1 ||    12
       Blink             |       |       |       |       |     1 |     2 |    21 |    21 ||    45
       Stone Arrow       |       |       |       |       |       |     7 |       |       ||     7
       Conjure Flame     |       |       |       |       |       |    16 |     5 |       ||    21
       Bolt of Draining  |       |       |       |       |       |    13 |     4 |       ||    17
       Control Undead    |       |       |       |       |       |     1 |       |    15 ||    16
       Statue Form       |       |       |       |       |       |       |    22 |    18 ||    40
       Sublimation of Bl |       |       |       |       |       |       |       |     2 ||     2
Invok: Bend Time         |       |       |     1 |     4 |     7 |     6 |       |       ||    18
       Slouch            |       |       |       |     2 |     8 |    12 |    10 |     8 ||    40
 Abil: Evoke Blink       |       |       |       |     2 |       |     6 |       |     2 ||    10
Evoke: Wand              |       |     3 |     1 |    43 |    12 |    50 |     5 |     1 ||   115
       Phial of floods   |       |       |       |       |       |     1 |       |       ||     1
  Use: Scroll            |       |     5 |     5 |    11 |    21 |    25 |    14 |     4 ||    85
       Potion            |       |       |       |     7 |     2 |     6 |     2 |     5 ||    22
 Stab: Distracted        |     1 |       |       |     2 |    37 |    47 |    30 |    10 ||   127
       Sleeping          |     2 |       |     1 |     5 |     1 |     2 |     2 |     1 ||    14
       Petrified         |       |       |     4 |    18 |    16 |     2 |       |       ||    40
       Paralysed         |       |       |       |    11 |     2 |     4 |       |       ||    17
       Petrifying        |       |       |       |       |     9 |       |       |       ||     9
       Held in net/web   |       |       |       |       |       |     2 |       |     3 ||     5
  Eat: Chunk             |       |     1 |     1 |     8 |    10 |     3 |     2 |       ||    25
       Ration            |       |       |       |     1 |     1 |     2 |     2 |     1 ||     7
Armor: Robe              |     3 |     1 |    11 |     3 |       |       |       |       ||    18
       Troll leather arm |       |       |       |    39 |    16 |       |       |       ||    55
       Plate armour      |       |       |       |       |   209 |   308 |    49 |    10 ||   576
       Skin              |       |       |       |       |       |       |    84 |   133 ||   217
Dodge: Dodged            |     6 |    11 |    56 |   178 |   314 |   464 |   391 |   511 ||  1931
       Deflected         |       |       |       |       |       |    52 |    11 |     3 ||    66
Block: Other             |       |       |       |    26 |    18 |       |       |       ||    44
       Shield            |       |       |       |       |   543 |   933 |   531 |   542 ||  2549
       Reflection        |       |       |       |       |       |     7 |    25 |     4 ||    36
       Rpst.: Scimitar   |       |       |    12 |    31 |       |       |       |       ||    43

Table legend:
 A = Spawn XP
 B = Non-spawn XP
 C = Spawn XP percentage of total XP
 D = Spawn monster count
 E = Non-spawn monster count
 F = Spawn count percentage of total count
 G = Total turns spent on level
                    A         B        C        D         E        F      G
               +---------+---------+-------+---------+---------+-------+---------
         Total |   19155 |  697253 |   2.7 |      32 |    1527 |   2.1 | 14474
               +---------+---------+-------+---------+---------+-------+---------
           D:1 |       0 |      31 |   0.0 |       0 |      17 |   0.0 |   355
           D:2 |       0 |      58 |   0.0 |       0 |      18 |   0.0 |   133
           D:3 |       0 |      66 |   0.0 |       0 |       6 |   0.0 |   179
           D:4 |       0 |     309 |   0.0 |       0 |      13 |   0.0 |   395
           D:5 |       0 |     101 |   0.0 |       0 |       7 |   0.0 |    91
           D:6 |       0 |    1028 |   0.0 |       0 |      23 |   0.0 |   427
           D:7 |       0 |     691 |   0.0 |       0 |      14 |   0.0 |   217
           D:8 |       0 |    1499 |   0.0 |       0 |      19 |   0.0 |   135
           D:9 |       0 |    7456 |   0.0 |       0 |      54 |   0.0 |   640
          D:10 |       0 |    5045 |   0.0 |       0 |      17 |   0.0 |   693
          D:11 |       0 |    4180 |   0.0 |       0 |      15 |   0.0 |   462
          D:12 |       0 |    5704 |   0.0 |       0 |      44 |   0.0 |   571
          D:13 |       0 |     663 |   0.0 |       0 |       5 |   0.0 |    89
          D:14 |       0 |    2483 |   0.0 |       0 |       9 |   0.0 |   102
        Lair:1 |       0 |    2009 |   0.0 |       0 |      10 |   0.0 |   110
        Lair:2 |       0 |    3499 |   0.0 |       0 |      28 |   0.0 |   268
        Lair:3 |       0 |    1379 |   0.0 |       0 |       7 |   0.0 |   158
        Lair:4 |       0 |    1669 |   0.0 |       0 |      12 |   0.0 |   118
        Lair:5 |       0 |    3712 |   0.0 |       0 |      17 |   0.0 |   244
        Lair:6 |       0 |   17765 |   0.0 |       0 |      63 |   0.0 |   335
      Shoals:1 |       0 |   13023 |   0.0 |       0 |      30 |   0.0 |   360
      Shoals:2 |       0 |    9668 |   0.0 |       0 |      25 |   0.0 |   318
      Shoals:3 |       0 |   17997 |   0.0 |       0 |      53 |   0.0 |   357
      Shoals:4 |       0 |   33065 |   0.0 |       0 |      67 |   0.0 |   672
       Snake:1 |       0 |    7042 |   0.0 |       0 |      18 |   0.0 |   225
       Snake:2 |       0 |    7846 |   0.0 |       0 |      17 |   0.0 |   255
       Snake:3 |       0 |   15270 |   0.0 |       0 |      38 |   0.0 |   238
       Snake:4 |       0 |   52810 |   0.0 |       0 |     108 |   0.0 |   855
       Slime:1 |       0 |    6666 |   0.0 |       0 |       5 |   0.0 |    78
       Slime:2 |       0 |    3055 |   0.0 |       0 |       5 |   0.0 |    31
       Slime:3 |       0 |     368 |   0.0 |       0 |       1 |   0.0 |    29
       Slime:4 |       0 |   12276 |   0.0 |       0 |      17 |   0.0 |   155
       Slime:5 |       0 |   27482 |   0.0 |       0 |      23 |   0.0 |   246
         Orc:1 |       0 |    3259 |   0.0 |       0 |      36 |   0.0 |   315
         Orc:2 |       0 |    8712 |   0.0 |       0 |      77 |   0.0 |   548
      Vaults:1 |       0 |   14962 |   0.0 |       0 |      25 |   0.0 |   203
      Vaults:2 |       0 |   12754 |   0.0 |       0 |      30 |   0.0 |   210
      Vaults:3 |       0 |   16930 |   0.0 |       0 |      37 |   0.0 |   340
      Vaults:4 |       0 |   51565 |   0.0 |       0 |      91 |   0.0 |   521
      Vaults:5 |       0 |  129407 |   0.0 |       0 |     111 |   0.0 |   662
       Crypt:1 |       0 |   22822 |   0.0 |       0 |      34 |   0.0 |    97
       Crypt:2 |       0 |   23188 |   0.0 |       0 |      33 |   0.0 |   122
       Crypt:3 |       0 |   48445 |   0.0 |       0 |      58 |   0.0 |   422
        Tomb:1 |       0 |   42310 |   0.0 |       0 |      47 |   0.0 |   205
       Abyss:2 |    4217 |    2516 |  62.6 |       5 |       4 |  55.6 |   151
       Abyss:4 |       0 |    4043 |   0.0 |       0 |      13 |   0.0 |    31
       Abyss:5 |   14938 |     714 |  95.4 |      27 |       6 |  81.8 |   197
         IceCv |       0 |    3709 |   0.0 |       0 |      23 |   0.0 |   338
    Desolation |       0 |   46002 |   0.0 |       0 |      97 |   0.0 |   498
               +---------+---------+-------+---------+---------+-------+---------

Table legend:
 A = Turns spent in this place as a percentage of turns spent in the entire game.
 B = Non-inter-level travel turns spent in this place as a percentage of non-inter-level travel turns spent in the entire game.
 C = Inter-level travel turns spent in this place as a percentage of turns spent in this place.
 D = Turns resting spent in this place as a percentage of non-inter-level travel turns spent in this place.
 E = Turns spent auto-exploring this place as a percentage of non-inter-level travel turns spent in this place.
 F = Non-inter-level travel turns spent in this place divided by the number of levels of this place that you've seen.
                   A       B       C       D       E      F
               +-------+-------+-------+-------+-------+----------------------
         Total | 100.0 | 100.0 |   0.3 |   0.1 |   0.2 | 272.3
       Dungeon |  31.0 |  30.9 |   0.7 |   0.0 |   0.6 | 318.5
        Temple |   0.4 |   0.3 |  23.7 |   0.0 |   0.0 |  45.0
          Lair |   8.5 |   8.5 |   0.0 |   0.0 |   0.0 | 205.5
        Shoals |  11.8 |  11.8 |   0.0 |   0.8 |   0.0 | 426.8
     Snake Pit |  10.9 |  10.9 |   0.0 |   0.0 |   0.0 | 393.2
    Slime Pits |   3.7 |   3.7 |   0.0 |   0.0 |   0.0 | 107.8
  Orcish Mines |   6.0 |   6.0 |   0.0 |   0.0 |   0.0 | 431.5
   Elven Halls |   0.0 |   0.0 |   0.0 |   0.0 |   0.0 |   4.0
        Vaults |  13.4 |  13.4 |   0.0 |   0.2 |   0.0 | 387.2
         Crypt |   4.4 |   4.4 |   0.0 |   0.0 |   0.0 | 213.7
          Tomb |   1.4 |   1.4 |   0.0 |   0.0 |   0.0 | 205.0
         Abyss |   2.7 |   2.7 |   0.0 |   0.0 |   0.0 |  77.8
      Ice Cave |   2.3 |   2.3 |   0.0 |   0.0 |   0.0 | 338.0
    Desolation |   3.4 |   3.5 |   0.0 |   0.0 |   0.0 | 498.0
               +-------+-------+-------+-------+-------+----------------------

Table legend:
 A = Kills in this place as a percentage of kills in entire the game.
 B = Kills by you in this place as a percentage of kills by you in the entire game.
 C = Kills by friends in this place as a percentage of kills by friends in the entire game.
 D = Other kills in this place as a percentage of other kills in the entire game.
 E = Experience gained in this place as a percentage of experience gained in the entire game.
 F = Experience gained in this place divided by the number of levels of this place that you have seen.
                   A       B       C       D       E      F
               +-------+-------+-------+-------+-------+----------------------
         Total | 100.0 | 100.0 | 100.0 | 100.0 | 100.0 | 13517.1
       Dungeon |  16.7 |  22.6 |   1.6 |   8.3 |   4.1 | 2093.9
          Lair |   8.8 |   6.2 |  15.9 |   0.0 |   4.2 | 5005.5
        Shoals |  11.2 |   8.8 |  17.8 |   0.0 |  10.3 | 18438.2
     Snake Pit |  11.6 |   9.7 |  16.8 |   8.3 |  11.6 | 20742.0
    Slime Pits |   3.3 |   2.9 |   4.0 |   8.3 |   7.0 | 9969.4
  Orcish Mines |   7.2 |   5.9 |  11.0 |   0.0 |   1.7 | 5985.5
        Vaults |  18.9 |  20.9 |  13.6 |  16.7 |  31.5 | 45123.6
         Crypt |   8.0 |   7.1 |   9.8 |  33.3 |  13.2 | 31485.0
          Tomb |   3.0 |   2.2 |   4.4 |  25.0 |   5.9 | 42310.0
         Abyss |   3.5 |   4.8 |   0.2 |   0.0 |   3.7 | 5285.6
      Ice Cave |   1.5 |   2.1 |   0.0 |   0.0 |   0.5 | 3709.0
    Desolation |   6.2 |   6.8 |   4.9 |   0.0 |   6.4 | 46002.0
               +-------+-------+-------+-------+-------+----------------------

Vault maps used:
D:1:      dpeg_arrival_solitude, minmay_distorted
D:2:      uniq_robin
D:3:      uniq_grinder, uniq_natasha
D:4:      minmay_opposing_rooms, minmay_temple_entry_glass
D:5:      first_ration, serial_corexii_hall, corexii_hall_statues_s,
          corexii_hall_statues_i, kennysheep_dice
D:6:      amethyst_overflow_temple_binary, fedhas_altar_1, uniq_duvessa,
          uniq_sigmund
D:7:      uniq_menkaure
D:9:      minmay_gate_of_8, vehumet_altar_wand_db, orc_0_dummy, serial_shops,
          shop_statue, uniq_grum, uniq_joseph
D:10:     lair_entry_dummy, serial_corexii_hall, corexii_hall_statues_x,
          corexii_hall_statues_t, corexii_hall_statues_i, uniq_gastronok,
          uniq_maurice
D:11:     uniq_erolcha, uniq_sonja
D:12:     portal_ice_cave_entry_imps, serial_shops, shop,
          nicolae_shop_statue_plus
D:13:     mludivico_vault, basic_altar
D:14:     david_vaults_1, hangedman_ranch
Temple:   eino_narrow_crystal_temple
Lair:1:   minmay_holes, minmay_hedge_maze
Lair:2:   beast_lair_carwin_large_4, dummy_snake_entry
Lair:3:   shoals_dummy_entry
Lair:5:   gammafunk_lair_enchanted_lake, dpeg_slime_entry_enclosed_altar
Lair:6:   hangedman_lair_in_review, guppyfry_lair_end_dragon, lookout_lair_type,
          eino_small_chamber_without_monster, st_stairs_5
Shoals:1: uniq_louise
Shoals:2: uniq_polyphemus
Shoals:4: shoals_end_hangedman, shoal_ilsuiw, serial_shops,
          nicolae_shop_window_shopping, nicolae_shop_statue_plus, shop, shop,
          uniq_donald
Snake:1:  grunt_megastairs_4
Snake:2:  basic_altar, serial_bayou_ford_a, nicolae_snake_squiggles
Snake:3:  serial_bayou_shore_b, lemuel_fruit_tree
Snake:4:  snake_pit, nrook_guardian_serpent_ordinary, minmay_shoptagon,
          uniq_aizul, uniq_vashnia
Orc:1:    serial_shops, nicolae_shop_behind_doors, shop, shop_statue,
          nicolae_shop_statue_plus
Orc:2:    st_orc_mages, basic_altar, mines1_david
Elf:1:    minmay_elf_arrival_summoners, minmay_elf_necromancy
Vaults:1: nicolae_vaults_mini_display_case, v_misc_16, v_pattern_5,
          ontoclasm_vaults_idyll, hangedman_vaults_restitches,
          nicolae_vaults_puzzle_piece, ontoclasm_vaults_shuriken,
          nicolae_vaults_twisting_passages, v_rooms_3, vaults_dpeg_encased_lava,
          ontoclasm_vaults_gallery, portal_desolation_entry_salt, serial_shops,
          nicolae_shop_stone
Vaults:2: minmay_crypt_entry_vampire_xt, vaults_room_door_ring,
          ontoclasm_vaults_gateway, nicolae_vaults_asterisk, v_misc_27,
          v_misc_22, vaults_room_door_ring, vaults_mumra_lcd
Vaults:3: ontoclasm_vaults_fire_temple, hangedman_vaults_unwind,
          hangedman_vaults_impose
Vaults:4: vaults_dpeg_hooks, nicolae_vaults_diagonal_hallway_7,
          vaults_room_door_hall, ontoclasm_vaults_shout, hangedman_vaults_locks,
          nicolae_vaults_little_ls, ontoclasm_vaults_pinch,
          vaults_room_large_hall, dpeg_vaults_monster_row,
          vaults_room_large_hall, hangedman_vaults_slice, vaults_room_fours,
          vaults_mumra_chevron, ontoclasm_vaults_eye, serial_shops,
          nicolae_shop_behind_doors
Crypt:1:  skrybe_necro_troll_1
Crypt:2:  due_chaos_kobolds, st_vampire_maze, uniq_margery
Crypt:3:  cryptofortress_bobbens
Abyss:3:  hangedman_abyss_or_decor_lesser_grid
Abyss:4:  hangedman_abyss_river_spirits, nicolae_abyss_rune_star_stuff,
          evilmike_abyss_exit_kraken
Abyss:5:  evilmike_abyss_exit_16, hangedman_abyss_or_decor_stabs,
          abyss_greek_temple, hangedman_abyss_mock_shop,
          hangedman_abyss_or_decor_jellyfish_corner
IceCv:    ice_cave_small_demon
